 Dungeon Crawl Stone Soup version 0.31-a0-1074-g0b22e4e (webtiles) character file.

Game seed: 9820113776809066787

21563325 dhlexpress the Archmage (level 27, 199/199 HPs)
             Began as a Deep Elf Conjurer on Nov 26, 2023.
             Was the Champion of Vehumet.
             Escaped with the Orb
             ... and 15 runes!
             The game lasted 03:44:39 (71794 turns).

dhlexpress the Archmage (Deep Elf Conjurer)        Turns: 71794, Time: 03:44:40

Health: 199/199    AC: 30    Str: 13    XL:     27
Magic:  48/56      EV: 28    Int: 47    God:    Vehumet [******]
Gold:   16418      SH: 32    Dex: 17    Spells: 1/80 levels left

rFire   + + .        a - +3 Elemental Staff {ele, rElec rF+ rC+ AC+3}
rCold   + + +        p - +6 tower shield
rNeg    + + +        g - +3 troll leather armour
rPois   ∞            r - +3 helmet of the Sea {+Blink rPois}
rElec   +            m - +2 cloak of Ulluiwu {rN++ Will+}
rCorr   +            B - +2 pair of gloves of the Pleiades {Int+5 Stlth+}
SInv    .            Q - +1 pair of boots of Ruijyckext {Harm rCorr Str+3}
Will    +++++        z - amulet of Vitality {RegenMP++ Regen++}
Stlth   ++++         k - ring of the Good {rF+ Str+6 Int+4 Dex+4}
HPRegen 2.93/turn    v - ring "Sopeofuo" {rElec rC++ Will+}
MPRegen 1.15/turn

%: harm (+30% outgoing, +20% incoming)
@: death-form, on vortex cooldown, studying 4 skills
A: vile attack, torment immunity, no potions, cold resistance 1, shaggy fur 1
0: Orb of Zot
}: 15/15 runes: barnacled, slimy, silver, golden, iron, obsidian, icy, bone,
abyssal, demonic, glowing, magical, fiery, dark, gossamer
a: Siphon Essence, Begin Untransformation, Renounce Religion, Evoke Blink


You escaped.
You worshipped Vehumet.
Vehumet was exalted by your worship.
You were an undying horror.
You visited 17 branches of the dungeon, and saw 84 of its levels.
You visited Pandemonium 1 time, and saw 24 of its levels.
You visited the Abyss 2 times.
You completed 3 ziggurats, and saw 81 of their levels.
You also visited: Bailey, Gauntlet, Ice Cave and Desolation.

You collected 21913 gold pieces.
You spent 5495 gold pieces at shops.

Inventory:

Hand Weapons
 a - the +3 Elemental Staff (weapon) {ele, rElec rF+ rC+ AC+3}
   (You found it on level 21 of a ziggurat)

   AC+3:      It affects your AC (+3).
   rF+:       It protects you from fire.
   rC+:       It protects you from cold.
   rElec:     It insulates you from electricity.
Armour
 g - a +3 troll leather armour (worn)
 m - the +2 cloak of Ulluiwu (worn) {rN++ Will+}
   (You found it in a Gauntlet)

   rN++:      It greatly protects you from negative energy.
   Will+:     It increases your willpower.
 p - a +6 tower shield (worn)
 r - the +3 helmet of the Sea (worn) {+Blink rPois}
   (You found it on level 3 of the Crypt)

   rPois:     It protects you from poison +Blink: It lets you blink.
 B - the +2 pair of gloves of the Pleiades (worn) {Int+5 Stlth+}
   (You found it on level 4 of the Spider Nest)

   Int+5:     It affects your intelligence (+5).
   Stlth+:    It makes you more stealthy.
 Q - the +1 pair of boots of Ruijyckext (worn) {Harm rCorr Str+3}
   (You found it on level 4 of the Spider Nest)

   Str+3:     It affects your strength (+3).
   rCorr:     It protects you from acid and corrosion.
   Harm:      It increases damage dealt and taken.
 W - the scarf of Sif Muna's Anger {repulsion, Harm}
   (You found it on level 26 of a ziggurat)

   Harm:      It increases damage dealt and taken.
Magical Staves
 b - the staff of Pride {rN+ SInv Stlth+ Necro}
   (You found it on level 5 of the Pits of Slime)

   [staff of death]

   Base accuracy: +5 Base damage: 5 Base attack delay: 1.2 This weapon's minimum
   attack delay (0.6) is reached at skill level 12.
   rN+:       It protects you from negative energy.
   SInv:      It lets you see invisible.
   Stlth+:    It makes you more stealthy.
   Necro:     It increases the power of your Necromancy spells.
   It falls into the 'Staves' category.
   It is a one-handed weapon.
 w - the staff of Deformation {rCorr Str+2 Conj}
   (You found it on level 3 of the Elven Halls)

   [staff of conjuration]

   Base accuracy: +5 Base damage: 5 Base attack delay: 1.2 This weapon's minimum
   attack delay (0.6) is reached at skill level 12.
   Str+2:     It affects your strength (+2).
   rCorr:     It protects you from acid and corrosion.
   Conj:      It increases the power of your Conjurations spells.
   It falls into the 'Staves' category.
   It is a one-handed weapon.
Jewellery
 k - the ring of the Good (left hand) {rF+ Str+6 Int+4 Dex+4}
   (You found it on level 6 of a ziggurat)

   [ring of strength]

   Str+6:     It affects your strength (+6).
   Int+4:     It affects your intelligence (+4).
   Dex+4:     It affects your dexterity (+4).
   rF+:       It protects you from fire.
 v - the ring "Sopeofuo" (right hand) {rElec rC++ Will+}
   (You found it on level 11 of a ziggurat)

   [ring of willpower]

   rC++:      It greatly protects you from cold.
   rElec:     It insulates you from electricity.
   Will+:     It increases your willpower.
 z - the amulet of Vitality (around neck) {RegenMP++ Regen++}
   (You found it on level 20 of a ziggurat)

   [amulet of magic regeneration]

   RegenMP:   It increases your rate of magic regeneration.
   Regen++:   It increases your rate of health regeneration.
 E - the ring "Vykuosy" {+Blink rCorr Str+3, !d}
   (You found it in the Desolation of Salt)

   [ring of resist corrosion]

   Str+3:     It affects your strength (+3).
   +Blink:    It lets you blink.
   rCorr:     It protects you from acid and corrosion.
 H - the amulet "Fol Ogy" {RegenMP rF+ Int+2 Dex-3 SInv}
   (You found it on level 12 of a ziggurat)

   [amulet of magic regeneration]

   RegenMP:   It increases your rate of magic regeneration.
   Int+2:     It affects your intelligence (+2).
   Dex-3:     It affects your dexterity (-3).
   rF+:       It protects you from fire.
   SInv:      It lets you see invisible.
Talismans
 i - a talisman of death (active)
Wands
 D - a wand of digging (58)
 L - a wand of light (187)
Scrolls
 d - 10 scrolls of revelation
 e - 5 scrolls of butterflies
 o - 20 scrolls of amnesia
 t - 88 scrolls of teleportation
 u - 14 scrolls of vulnerability
 C - 9 scrolls of fear
 K - 57 scrolls of fog
 M - 30 scrolls of blinking
Potions
 c - 37 potions of heal wounds
 f - 27 potions of curing
 j - 10 potions of brilliance
 l - 7 potions of invisibility
 s - 8 potions of haste
 x - 15 potions of enlightenment
 A - 14 potions of lignification
 I - 5 potions of ambrosia
 J - 7 potions of magic
 N - 17 potions of cancellation
 O - 66 potions of mutation
 T - 5 potions of resistance {!q}
Miscellaneous
 q - the horn of Geryon
 F - a phial of floods
 G - 2 +3 figurines of a ziggurat
 R - a lightning rod (4/4)
 V - a box of beasts


   Skills:
 O Level 27 Fighting
 O Level 27 Armour
 O Level 27 Dodging
 O Level 27 Stealth
 O Level 27 Shields
 O Level 27 Spellcasting
 O Level 27 Conjurations
 + Level 22.6 Hexes
 - Level 7.0 Summonings
 O Level 27 Necromancy
 - Level 9.0 Translocations
 O Level 27 Fire Magic
 O Level 27 Ice Magic
 O Level 27 Air Magic
 O Level 27 Earth Magic
 O Level 27 Evocations
 O Level 27 Shapeshifting


You had one spell level left.
You knew the following spells:

 Your Spells              Type           Power      Damage    Failure   Level
c - Chain Lightning       Conj/Air       84%        3d112     1%          9
f - Blink                 Tloc           100%       N/A       0%          2
g - Lehudib's Crystal Sp  Conj/Erth      84%        10d19     0%          8
s - Spellforged Servitor  Conj/Summ      61%        N/A       1%          7
t - Shatter               Erth           84%        3d61*     1%          9
v - Fire Storm            Conj/Fire      84%        8d21      1%          9
w - Iskenderun's Mystic   Conj/Tloc      100%       2d19      0%          4
x - Ignition              Fire           84%        3d22      0%          8
z - Polar Vortex          Ice            84%        12d11*    1%          9
A - Apportation           Tloc           100%       N/A       0%          1
D - Death's Door          Necr           71%        N/A       1%          9
G - Passage of Golubria   Tloc           99%        N/A       1%          4

Your spell library contained the following spells:

 Spells                   Type           Power      Damage    Failure   Level
 Foxfire                  Conj/Fire      100%       2x1d9     0%          1
 Freeze                   Ice            100%       1d10      0%          1
 Kiss of Death            Conj/Necr      100%       2d13      0%          1
 Magic Dart               Conj           100%       1d8       0%          1
 Necrotise                Necr           100%       1d9       0%          1
 Sandblast                Erth           100%       2d20      0%          1
 Shock                    Conj/Air       100%       1d9       0%          1
 Slow                     Hex            100%       N/A       0%          1
 Summon Small Mammal      Summ           100%       N/A       0%          1
 Sting                    Tmut/Pois      100%       1d8       1%          1
 Cigotuvi's Dreadful Rot  Necr/Pois/Air  100%       N/A       0%          2
 Ensorcelled Hibernation  Hex/Ice        100%       N/A       0%          2
 Jinxbite                 Hex            100%       N/A       0%          2
 Lesser Beckoning         Tloc           100%       N/A       0%          2
 Momentum Strike          Conj/Tloc      100%       3d10      0%          2
 Passwall                 Tmut/Erth      100%       N/A       0%          2
 Poisonous Vapours        Pois/Air       100%       N/A       0%          2
 Scorch                   Fire           100%       2d9       0%          2
 Searing Ray              Conj           100%       2d8       0%          2
 Static Discharge         Conj/Air       100%       3-8/arc   0%          2
 Sublimation of Blood     Necr           100%       N/A       0%          2
 Confusing Touch          Hex            100%       N/A       0%          3
 Dazzling Flash           Conj/Hex       100%       N/A       0%          3
 Frozen Ramparts          Ice            100%       1d16      0%          3
 Gell's Gravitas          Tloc           99%        N/A       0%          3
 Hailstorm                Conj/Ice       100%       3d20      0%          3
 Ignite Poison            Fire/Tmut/Pois 100%       N/A       0%          3
 Inner Flame              Hex/Fire       100%       N/A       0%          3
 Mephitic Cloud           Conj/Pois/Air  100%       N/A       0%          3
 Ozocubu's Armour         Ice            100%       N/A       0%          3
 Sigil of Binding         Hex            100%       N/A       0%          3
 Stone Arrow              Conj/Erth      100%       3d13      0%          3
 Summon Guardian Golem    Hex/Summ       100%       N/A       0%          3
 Swiftness                Air            100%       N/A       0%          3
 Teleport Other           Tloc           99%        N/A       0%          3
 Tukima's Dance           Hex            100%       N/A       0%          3
 Vampiric Draining        Necr           100%       2d13      0%          3
 Volatile Blastmotes      Fire/Tloc      100%       2d18      0%          3
 Airstrike                Air            84%        2d(13-29) 0%          4
 Anguish                  Hex/Necr       69%        N/A       0%          4
 Animate Armour           Summ/Erth      100%       N/A       0%          4
 Animate Dead             Necr           100%       N/A       0%          4
 Brom's Barrelling Bould  Conj/Erth      100%       2d11      0%          4
 Cause Fear               Hex            67%        N/A       0%          4
 Dimensional Bullseye     Hex/Tloc       59%        N/A       0%          4
 Dispel Undead            Necr           100%       3d31      0%          4
 Flame Wave               Conj/Fire      100%       2d21      0%          4
 Fulminant Prism          Conj/Hex       69%        3d28      0%          4
 Leda's Liquefaction      Hex/Erth       82%        N/A       0%          4
 Petrify                  Tmut/Erth      100%       N/A       0%          4
 Sticky Flame             Conj/Fire      100%       2d11      0%          4
 Summon Ice Beast         Ice/Summ       100%       N/A       0%          4
 Summon Lightning Spire   Summ/Air       100%       N/A       0%          4
 Vhi's Electric Charge    Tloc/Air       100%       N/A       0%          4
 Agony                    Necr           100%       N/A       0%          5
 Arcjolt                  Conj/Air       84%        1d94      0%          5
 Borgnjor's Vile Clutch   Necr/Erth      84%        N/A       0%          5
 Fireball                 Conj/Fire      84%        3d31      0%          5
 Freezing Cloud           Conj/Ice/Air   98%        6-21      0%          5
 Irradiate                Conj/Tmut      56%        3d30      0%          5
 Iskenderun's Battlesphe  Conj           100%       2d15      0%          5
 Lee's Rapid Deconstruct  Erth           84%        3d37*     0%          5
 Metabolic Englaciation   Hex/Ice        82%        N/A       0%          5
 Silence                  Hex/Air        82%        N/A       0%          5
 Summon Mana Viper        Hex/Summ       100%       N/A       0%          5
 Bombard                  Conj/Erth      84%        9d13      0%          6
 Conjure Ball Lightning   Conj/Air       84%        3x3d32    0%          6
 Death Channel            Necr           71%        N/A       0%          6
 Plasma Beam              Fire/Air       98%        2x1d117   0%          6
 Simulacrum               Ice/Necr       84%        N/A       0%          6
 Starburst                Conj/Fire      84%        6d21      0%          6
 Enfeeble                 Hex            67%        N/A       0%          7
 Orb of Destruction       Conj           71%        9d16      0%          7
 Ozocubu's Refrigeration  Ice            84%        4d26      0%          7
 Maxwell's Capacitive Co  Air            84%        ∞         0%          8
 Call Imp                 Summ           100%       N/A       1%          2
 Wereblood                Tmut           59%        N/A       1%          2
 Call Canine Familiar     Summ           92%        N/A       1%          3
 Manifold Assault         Tloc           99%        N/A       1%          4
 Olgreb's Toxic Radiance  Pois           59%        N/A       1%          4
 Summon Forest            Summ/Tloc      47%        N/A       1%          5
 Yara's Violent Unravell  Hex/Tmut       53%        3d20      1%          5
 Dispersal                Tloc           49%        N/A       1%          6
 Summon Cactus Giant      Summ           46%        N/A       1%          6
 Haunt                    Necr/Summ      61%        N/A       1%          7
 Borgnjor's Revivificati  Necr           71%        N/A       1%          8
 Discord                  Hex            67%        N/A       1%          8
 Infestation              Necr           71%        N/A       1%          8
 Alistair's Intoxication  Tmut/Pois      39%        N/A       6%          5
 Malign Gateway           Summ/Tloc      47%        N/A       7%          7
 Eringya's Noxious Bog    Tmut/Pois      29%        4d6       9%          6
 Monstrous Menagerie      Summ           46%        N/A       10%         7
 Summon Hydra             Summ           46%        N/A       10%         7
 Disjunction              Tloc           49%        N/A       34%         8
 Summon Horrible Things   Summ           46%        N/A       61%         8
 Dragon's Call            Summ           46%        N/A       100%        9


Dungeon Overview and Level Annotations

Branches:
Dungeon (15/15)            Temple (0/1) D:5            Lair (5/5) D:9
 Shoals (4/4) Lair:3       Spider (4/4) Lair:2        Slime (5/5) Lair:5
    Orc (2/2) D:9             Elf (3/3) Orc:2        Vaults (5/5) D:14
  Crypt (3/3) Vaults:2       Tomb (3/3) Crypt:3      Depths (4/4) D:15
   Hell (visited)             Dis (7/7) Hell            Geh (7/7) Hell
    Coc (7/7) Hell            Tar (7/7) Hell            Zot (5/5) Depths:4
 Bailey (visited)           IceCv (visited)         Desolation (visited)
Gauntlet (visited)

Altars:
Cheibriados
Dithmenos
Fedhas
Gozag
Kikubaaqudgha
Makhleb
Qazlal
Sif Muna
Uskayaw
Vehumet
Xom
Zin
The Shining One

Shops:
D:6 =   D:13 (   Orc:2 =(!*   Elf:3 [(   Shoals:4 (   Vaults:1 [:[
Vaults:5 ?(!!???   Depths:1 [   Depths:2 :==

Portals:
Hell: Depths:1 Depths:2 Depths:3 Depths:4
Abyss: Depths:1 Depths:3 Depths:4
Pandemonium: Depths:2

Annotations:
Shoals:1 1 runed translucent door
Spider:2 1 runed translucent door, Dorkslayer's ghost, adept HOFi
Zot:1 3 exclusions
Zot:3 exclusions: upstairs and 6 more exclusions
Zot:5 3 exclusions


Innate Abilities, Weirdness & Mutations

You are an undying horror.
Your melee and unarmed attacks drain, slow and weaken victims.
You are immune to unholy pain and torment.
You cannot drink.
You are immune to poison.
Your flesh is cold resistant. (rC+)
You are covered in fur. (AC +1)


Message History

You are engulfed in whirling frost.
You are engulfed in whirling frost.
The winds around you calm down.
A neqoxec comes into view.
Casting: Polar Vortex (mildly dangerous; 1% risk of failure)
Confirm with . or Enter, or press ? or * to list all spells.
You feel a surge of power!
The dungeon rumbles!
The neqoxec is moderately wounded.
Ka-crash!
Casting: Shatter (mildly dangerous; 1% risk of failure)
Confirm with . or Enter, or press ? or * to list all spells.
Aiming: Lehudib's Crystal Spear (safe; 0% risk of failure)
Press: ? - help, Shift-Dir - straight line, f - neqoxec
Aim: a neqoxec (moderately wounded, 83% to hit)
You feel a surge of power!
The crystal spear hits the neqoxec!!!!
You kill the neqoxec!
Vehumet accepts your kill.
You feel your power returning.
Unknown command.
You enter the shallow water.
Moving in this stuff is going to be slow.
Casting: Lehudib's Crystal Spear (safe; 0% risk of failure)
Confirm with . or Enter, or press ? or * to list all spells.
You can't see any susceptible monsters within range! (Use Z to cast anyway.) Unknown command.
You enter the shallow water.
Moving in this stuff is going to be slow.
Casting: Lehudib's Crystal Spear (safe; 0% risk of failure)
Confirm with . or Enter, or press ? or * to list all spells.
You can't see any susceptible monsters within range! (Use Z to cast anyway.)
Casting: Lehudib's Crystal Spear (safe; 0% risk of failure)
Confirm with . or Enter, or press ? or * to list all spells.
You feel a surge of power!
A great freezing vortex appears and lifts you up.
Unknown command.
There is a staircase leading out of the dungeon here.
The winds around you start to calm down.
You float gracefully downwards.
You have escaped!

########## #.~≈≈≈≈≈≈≈ ###
#.~≈≈≈≈≈## #.# #§~≈≈≈≈≈##
#.### #§§≈≈≈≈≈≈≈ #...#
###§§#####≈≈ #.#.#
###...§§§§§# ≈ #.#.#
#...#.≈#§§§# #.#.#
#.###~≈#§z§#≈≈≈ #.#.# #.#
#~≈#§§§#≈≈≈≈≈≈ ≈≈# #.#.####.#
#~§§####≈≈≈≈≈≈ ≈≈#
..#.##...###§§§≈≈≈≈≈≈≈≈≈# +~#
..#†...####§§§≈###≈≈##≈≈# +~#
..#....# ##§§≈#>#≈≈##≈≈####≈#
..#....# #.≈≈#.#≈≈≈≈≈≈≈≈≈≈≈#
..#.#.######~~≈#.#≈≈≈≈≈≈≈~≈≈≈#
..#..........~.~~~≈≈≈≈≈~~~~≈~#


There were no monsters in sight!

Vanquished Creatures
  Cerebov (Pan)
  Antaeus (Coc:7)
  Asmodeus (Geh:7)
  the Royal Jelly (Slime:5)
  Ereshkigal (Tar:7)
  Gloorx Vloq (Pan)
  the Serpent of Hell (Geh:7)
  The ghost of Tibbeudu the Wishgranter, a legendary DjCj of Makhleb (Zig:24)
  The ghost of Tibbeudu the Wishgranter, a legendary DjCj of Makhleb (Zig:24)
  Lom Lobon (Pan)
  2 seraphim
  The ghost of Atufasha the Petrodigitator, a legendary DDBr of Makhleb (Zig:24)
  Mnoleg (Pan)
  15 orbs of fire
  47 ancient liches
  46 dread liches
  The ghost of Jinaptea the Conqueror, a legendary DDFi of Makhleb (Zig:24)
  The ghost of Jinaptea the Conqueror, a legendary DDFi of Makhleb (Zig:24)
  The ghost of Jinaptea the Conqueror, a legendary DDFi of Makhleb (Zig:24)
  Dispater (Dis:7)
  The ghost of Hytegor the Omniscient, a legendary GnEE of Ashenzari (Zig:24)
  The ghost of Anyleklu the Champion of Chaos, a legendary HOFi of Makhleb (Zig:24)
  The ghost of Anyleklu the Champion of Chaos, a legendary HOFi of Makhleb (Zig:24)
  The ghost of Wiesk the Conqueror, a legendary DDFi of Makhleb (Zig:24)
  The ghost of Obydaxko the Annihilator, a legendary DECj of Vehumet (Zig:24)
  The ghost of Obydaxko the Annihilator, a legendary DECj of Vehumet (Zig:24)
  Mennas (Pan)
  Mara (Shoals:3)
  The ghost of Boycipp the Conqueror, a legendary DsFi of Makhleb (Zig:24)
  The ghost of Boycipp the Conqueror, a legendary DsFi of Makhleb (Zig:24)
  The ghost of Woumy the Conqueror, a legendary GnFi of Makhleb (Zig:24)
  The ghost of Woumy the Conqueror, a legendary GnFi of Makhleb (Zig:24)
  The ghost of Boycipp the Conqueror, a legendary DsFi of Makhleb (Zig:24)
  The ghost of Boycipp the Conqueror, a legendary DsFi of Makhleb (Zig:24)
  The ghost of Siupsuvve the Slayer, a veteran MiBe of Trog (Zig:24)
  The ghost of Siupsuvve the Slayer, a veteran MiBe of Trog (Zig:24)
  The ghost of Pyfud Mepa the Armataur Blade, a legendary AtFi of Cheibriados (Zig:24)
  The ghost of Zupseoh the Swordmaster, a legendary DDFi of Makhleb (Zig:24)
  13 juggernauts
  The ghost of Yxuenos the Conqueror, a legendary DsFi of Makhleb (Zig:24)
  The ghost of Yxuenos the Conqueror, a legendary DsFi of Makhleb (Zig:24)
  18 pandemonium lords
  The ghost of Obrefem the Slayer, a legendary HaHu of Okawaru (Zig:24)
  The ghost of Obrefem the Slayer, a legendary HaHu of Okawaru (Zig:24)
  42 royal mummies
  Sojobo (Depths:2)
  The ghost of Ciucila the Archmage, a veteran DEHW of Vehumet (Zig:24)
  The ghost of Ciucila the Archmage, a veteran DEHW of Vehumet (Zig:24)
  The ghost of Fiusean the Slayer, a veteran MiBe of Trog (Zig:24)
  Josephina (Depths:2)
  Bai Suzhen (Vaults:3)
  10 Killer Klowns
  The ghost of Waphaim the Skinwalker, a veteran DsDe of Gozag (Zig:24)
  20 shard shrikes
  Saint Roka (Depths:2)
  Geryon (Hell)
  3 curse toes
  20 golden dragons
  30 caustic shrikes
  23 profane servitors
  13 bone dragons
  15 pearl dragons (Zig:25)
  14 iron giants
  9 doom hounds
  32 tentacled monstrosities
  2 spectral shard shrikes
  25 Tzitzimimeh
  4 electric golems
  18 Brimstone Fiends
  19 hellephants
  2 walking earthen tomes (Depths:2)
  Mlioglotl (Spider:1)
  25 Orb Guardians (Zot:5)
  39 Ice Fiends
  18 quicksilver dragons
  21 tainted leviathans
  19 Hell Sentinels
  31 liches
  34 sphinxes
  22 deep elf blademasters
  67 acid blobs
  30 deep elf master archers
  A walking frostbound tome (Depths:3)
  A sphinx (shapeshifter) (Zig:7)
  23 searing wretches
  32 titans
  An eldritch tentacle (Pan)
  27 Executioners
  68 ancient champions
  A thorn hunter (Zig:18)
  An acid blob (shapeshifter) (Zig:1)
  6 death cobs
  33 tentacled starspawn
  12 storm dragons
  14 shadow dragons
  2 krakens
  20 tengu reavers
  15 demonspawn warmongers
  55 revenants
  27 draconian monks
  27 azure jellies
  100 nagarajas
  38 narguns
  40 fire giants
  10 emperor scorpions
  10 fenstrider witches
  12 iron dragons
  15 frost giants
  27 daevas
  15 deep elf sorcerers
  30 rockslimes
  25 draconian knights
  45 vault wardens
  15 quicksilver elementals
  3 juggernaut zombies
  65 balrugs
  9 shard shrike simulacra
  4 imperial myrmidons (Desolation)
  23 draconian shifters
  39 ghost moths
  27 ironbound preservers
  49 curse skulls
  3 caustic shrike zombies
  38 draconian scorchers
  36 draconian annihilators
  12 draconian stormcallers
  14 ghouls
  9 deep elf elementalists
  49 orc warlords
  25 reapers
  7 broodmothers
  A juggernaut skeleton (Crypt:3)
  30 war gargoyles
  4 caustic shrike skeletons (Crypt:3)
  26 quicksilver oozes
  16 demonspawn blood saints
  37 cacodemons
  26 angels
  31 very ugly things
  59 stone giants
  A stone giant (shapeshifter) (Depths:4)
  8 formless jellyfish
  5 ironbound thunderhulks
  24 ophanim
  24 deep elf demonologists
  5 dire elephants (Vaults:1)
  30 demonspawn corrupters
  11 elemental wellsprings
  37 vampire knights
  46 wendigos
  13 demonspawn black suns
  15 green draconians
  11 black draconians
  16 apis
  An eleionoma (shapeshifter) (Zig:7)
  28 deep elf annihilators
  6 bennus
  17 yellow draconians
  5 eleionomae
  26 putrid mouths
  15 white draconians
  15 lorocyprocas
  10 purple draconians
  10 red draconians
  7 bunyips
  A dire elephant (shapeshifter) (Zig:7)
  4 spark wasps
  A spark wasp (shapeshifter) (Zig:24)
  A minotaur (Gauntlet)
  33 ettins
  3 halazid warlocks (Tar:4)
  24 green deaths
  27 blizzard demons
  14 merfolk javelineers
  An ettin (shapeshifter) (Elf:2)
  2 spectral quicksilver dragons (Tar:4)
  29 deep elf death magi
  16 merfolk impalers
  2 spectral iron giants
  47 eidola
  38 mummy priests
  7 crystal guardians
  26 deep elf high priests
  An entropy weaver (shapeshifter) (Zig:24)
  17 iron golems
  10 fire dragons
  7 ragged hierophants (Desolation)
  3 spriggan zombies
  3 spectral krakens (Tar:7)
  2 spectral spriggans
  15 jiangshi
  10 shambling mangroves
  18 entropy weavers
  Fannar (D:12)
  13 rakshasas
  A fenstrider witch zombie (Crypt:1)
  A spectral shadow dragon (Tar:1)
  26 yaktaur captains
  6 juggernaut simulacra
  17 ogre magi
  6 servants of whispers (Desolation)
  99 salamander tyrants
  32 vault guards
  14 anacondas
  9 caustic shrike simulacra
  13 ice dragons
  16 great orbs of eyes
  5 peacekeepers
  8 spriggan air magi
  9 spriggan skeletons
  12 hydras
  11 ironbound frosthearts
  9 merfolk avatars
  7 boulder beetles
  3 catoblepae
  10 centaur warriors
  9 ghost crabs
  8 hell beasts
  9 stokers
  5 alligator snapping turtles
  3 death knights
  13 alligators
  6 radroaches
  4 jorogumos
  25 merfolk aquamancers
  19 two-headed ogres
  A boulder beetle (shapeshifter) (Vaults:5)
  68 dancing weapons
  8 death yaks
  2 satyrs (Zig:11)
  4 tengu warriors
  21 naga warriors
  75 death scarabs
  31 hell hogs
  32 thrashing horrors
  A two-headed ogre (shapeshifter) (D:14)
  17 demonic crawlers
  33 orc high priests
  7 deep troll earth magi
  5 occultists (Abyss:6)
  A spectral naga (Tar:1)
  7 deep troll shamans
  45 vampire magi
  26 shock serpents
  30 naga sharpshooters
  7 spriggan berserkers
  3 titan zombies (Zig:26)
  A spectral storm dragon (Tar:1)
  34 deep elf knights
  6 holy swine (Pan)
  13 spriggans
  13 hell knights
  21 wretched stars
  67 sun demons
  8 fire crabs
  65 soul eaters
  14 crystal echidnas
  A storm dragon zombie (Zig:5)
  7 sun moths
  16 cherubim
  18 iron trolls
  6 salamander mystics
  6 skysharks
  4 spatial maelstroms
  29 shadow wraiths
  12 pharaoh ants
  6 titan skeletons (Crypt:3)
  48 skeletal warriors
  A skyshark (shapeshifter) (Zig:18)
  4 quicksilver dragon simulacra
  42 sixfirhies
  2 spectral anacondas
  14 glowing orange brains
  A golden dragon zombie (Zig:26)
  8 goliath frogs
  An anaconda zombie (Hell)
  33 flayed ghosts
  13 orb spiders
  A bunyip zombie (Crypt:2)
  17 sea snakes
  An iron giant zombie (Crypt:3)
  12 shadow demons
  49 deep trolls
  A storm dragon skeleton (Crypt:3)
  2 sea snakes (shapeshifter) (Zig:22)
  27 deep elf archers
  14 naga ritualists
  6 arcanists
  A death drake (Zig:17)
  6 swamp dragons
  10 orange crystal statues
  A deep troll (shapeshifter) (Zig:7)
  5 spriggan druids
  40 phantasmal warriors
  12 obsidian statues
  3 lindwurms (shapeshifter)
  11 lindwurms
  A shadow dragon zombie (Zig:26)
  17 harpies
  34 ironbound convokers
  7 bog bodies
  2 bunyip skeletons
  An alligator zombie (Hell)
  16 steelbarb worms
  49 deep elf zephyrmancers
  18 necromancers
  A steelbarb worm (shapeshifter) (Vaults:5)
  30 ugly things
  56 deep elf pyromancers
  2 mana vipers (shapeshifter)
  30 orc knights
  An alligator skeleton (Hell)
  22 mana vipers
  34 wolf spiders
  18 oklob plants (Zig:20)
  A spectral ettin (Tar:5)
  An iron dragon zombie (Zig:26)
  A moth of wrath (shapeshifter) (Zig:24)
  4 worldbinders
  21 shining eyes
  A sphinx simulacrum (Zig:5)
  36 manticores
  12 will-o-the-wisps
  30 orc sorcerers
  A cyclops (shapeshifter) (Zig:27)
  31 elephants
  A manticore (shapeshifter) (Zig:1)
  A goliath frog skeleton (Crypt:2)
  8 fauns
  13 salamanders
  30 moths of wrath
  21 cyclopes
  Joseph (D:7)
  9 ice statues
  13 merfolk sirens
  13 eyes of devastation
  32 water nymphs
  11 apocalypse crabs
  30 orange demons
  21 guardian serpents
  15 torpor snails
  76 black mambas
  A dire elephant zombie (Hell)
  39 vault sentinels
  An alligator snapping turtle zombie (Tomb:2)
  47 smoke demons
  42 naga magi
  A kobold demonologist (D:11)
  58 hellions
  3 titan simulacra
  2 torpor snails (shapeshifter)
  4 rust devils (Pan)
  12 molten gargoyles (Geh:7)
  A sea snake zombie (Hell)
  A cane toad (shapeshifter) (Zig:24)
  2 storm dragon simulacra (Zig:24)
  A gargoyle (D:12)
  3 centaur skeletons
  8 spectral swamp worms (Tar:7)
  33 tormentors
  2 dire elephant skeletons
  14 freezing wraiths
  12 efreet
  5 unseen horrors
  Psyche (D:12)
  21 cane toads
  Jeremiah (D:7)
  A spark wasp simulacrum (Depths:2)
  75 large abominations
  9 rime drakes
  2 tengu conjurers
  6 komodo dragons
  A swamp worm zombie (Crypt:1)
  30 yaktaurs
  25 ancient zymes
  A catoblepas skeleton (Crypt:3)
  5 anaconda simulacra
  7 ice devils
  A bunyip simulacrum (Coc:1)
  4 golden dragon simulacra
  A minotaur skeleton (Crypt:2)
  A yaktaur (shapeshifter) (Zig:27)
  An alligator snapping turtle skeleton (Pan)
  67 guardian mummies
  3 spectral harpies
  A purple draconian skeleton (Crypt:2)
  43 merfolk
  A bloated husk (Zig:16)
  2 iron giant simulacra
  14 red devils
  2 sea snake skeletons (Hell)
  2 harpy zombies
  32 trolls
  19 hellwings
  A queen bee (shapeshifter) (D:9)
  A silent spectre (Tar:2)
  3 hydra zombies (Hell)
  2 tengu simulacra
  2 meliai
  2 wind drakes (shapeshifter)
  An alligator simulacrum (Hell)
  27 hornets
  4 harpy skeletons
  46 saltlings (Desolation)
  2 shadow dragon simulacra
  2 tarantellas (shapeshifter)
  17 wind drakes
  5 tyrant leeches
  26 raiju
  31 tarantellas
  A hydra skeleton (Crypt:3)
  26 snapping turtles
  A death drake skeleton (Crypt:3)
  7 dream sheep (Lair:3)
  22 glass eyes
  22 blink frogs
  4 iron dragon simulacra
  A hornet (shapeshifter) (Vaults:5)
  An ettin zombie (Tomb:2)
  An ice dragon skeleton (Crypt:3)
  13 air elementals
  47 jumping spiders
  50 flying skulls
  2 shadows (D:9)
  A culicivora (shapeshifter) (D:15)
  A black mamba zombie (Crypt:1)
  5 stone giant simulacra
  2 fire bats (Pan)
  169 slime creatures
  34 culicivoras
  11 wraiths
  An ettin skeleton (Crypt:3)
  23 water elementals
  9 wyverns
  4 naga simulacra
  2 vampires
  28 ynoxinuls
  45 yaks
  70 starcursed masses
  33 ushabtiu
  4 dire elephant simulacra
  8 basilisks
  Grum (D:8)
  A slime creature zombie (Crypt:1)
  A basilisk (shapeshifter) (Zig:14)
  27 golden eyes
  58 redbacks
  11 fire elementals
  8 vampire mosquitoes
  An alligator snapping turtle simulacrum (Coc:3)
  A wind drake skeleton (Crypt:3)
  A redback (shapeshifter) (Zig:23)
  34 chaos spawn
  4 steam dragons
  Menkaure (D:5)
  A glowing shapeshifter zombie (Zig:26)
  39 neqoxecs
  12 harpy simulacra
  25 nagas
  16 wargs
  Edmund (D:5)
  A glowing shapeshifter skeleton (Zig:26)
  A skyshark zombie (Crypt:2)
  4 hydra simulacra
  A cane toad zombie (Crypt:3)
  4 acid dragons
  13 water moccasins
  A deep troll skeleton (Crypt:3)
  10 hell hounds
  A water nymph skeleton (Crypt:1)
  2 naga skeletons
  2 swamp drakes
  132 orc warriors
  A black bear (D:4)
  A black bear (shapeshifter) (Zig:22)
  2 ice beasts
  4 ettin simulacra
  4 spriggan simulacra
  2 boggarts (Vaults:2)
  4 small abominations
  9 centaurs
  23 wolves
  67 ogres
  2 swamp dragon skeletons
  2 kobold brigands
  5 phantoms
  An elephant skeleton (Crypt:2)
  Blork the orc (D:6)
  4 gnoll sergeants
  20 bullfrogs
  6 earth elementals
  A cyclops zombie (Crypt:3)
  A necrophage (Crypt:2)
  11 scorpions
  19 wights
  8 killer bees (D:9)
  A lindwurm simulacrum (IceCv)
  2 troll zombies
  A shapeshifter skeleton (Crypt:2)
  8 howler monkeys
  2 electric eels
  10 crimson imps
  A basilisk zombie (Crypt:1)
  4 jellies
  A quasit (Pan)
  2 komodo dragon simulacra (IceCv)
  3 hounds
  3 gnoll boudas
  32 orc priests
  7 hell rats
  3 iguanas
  34 orc wizards
  Ijyb (D:2)
  7 ogre zombies (D:9)
  A deep dwarf skeleton (Crypt:1)
  78 mummies
  30 gnolls
  12 acid dragon simulacra (IceCv)
  11 adders
  4 river rats (D:9)
  A shadow imp (D:7)
  6 white imps
  6 steam dragon simulacra (IceCv)
  An adder skeleton (Crypt:3)
  6 dart slugs
  74 orcs
  10 ball pythons
  9 bats
  7 endoplasms
  3 giant cockroaches (D:1)
  19 goblins
  2 hobgoblins
  4 jackals
  12 kobolds
  8 quokkas
  2 frilled lizards
  A frilled lizard skeleton (Crypt:1)
  6 gnoll skeletons (D:9)
  6 gnoll zombies (D:9)
  5 orc skeletons
  9 orc zombies (D:9)
  4 rats
  3 ball lightnings (Pan)
  7 creeping infernos
  42 fire vortices
  2 fulminant prisms
  A lurking horror (Abyss:5)
  7 starspawn tentacles
  13 tentacles
7931 creatures vanquished.

Vanquished Creatures (collateral kills)
  A bone dragon (Zig:9)
  A pearl dragon (Zig:25)
  2 tentacled monstrosities
  A Hell Sentinel (Zig:11)
  A lich (Depths:2)
  A titan (Vaults:5)
  5 acid blobs
  A storm dragon (Zot:1)
  A daeva (Zig:25)
  A nargun (Zig:26)
  A rockslime (Slime:5)
  An emperor scorpion (Zig:15)
  2 vault wardens
  2 ghouls
  An orc warlord (Vaults:1)
  An ophan (Zig:25)
  A draconian annihilator (Pan)
  7 ironbound preservers
  A reaper (Pan)
  2 broodmothers
  A white draconian (Zig:15)
  2 dire elephants (Vaults:1)
  2 red draconians (Zig:15)
  4 apis
  An ettin (Depths:1)
  A crystal guardian (Desolation)
  A jiangshi (Depths:2)
  2 ragged hierophants (Desolation)
  2 merfolk impalers
  An entropy weaver (Vaults:1)
  3 servants of whispers (Desolation)
  A hydra (Zig:16)
  3 peacekeepers
  A boulder beetle (Vaults:1)
  An alligator snapping turtle (Shoals:2)
  2 two-headed ogres (Orc:2)
  A thrashing horror (Zig:12)
  A dancing weapon (Elf:2)
  A shock serpent (Zig:18)
  3 demonic crawlers
  An iron troll (Depths:2)
  A sixfirhy (Pan)
  A spatial maelstrom (Zig:25)
  A spriggan (Depths:2)
  A skyshark (Shoals:1)
  2 sea snakes
  2 deep trolls
  2 pharaoh ants
  7 ironbound convokers
  3 harpies
  A swamp dragon (Zig:17)
  2 phantasmal warriors
  2 deep elf pyromancers
  3 arcanists
  An orc knight (Vaults:1)
  3 lindwurms (Vaults:1)
  2 large abominations
  2 ugly things (D:15)
  5 wolf spiders
  A manticore (Zig:20)
  A deep elf zephyrmancer (Elf:2)
  A moth of wrath (Spider:3)
  A merfolk siren (Shoals:3)
  2 water nymphs
  A storm dragon simulacrum (Zig:26)
  A vault sentinel (Vaults:5)
  A molten gargoyle (Desolation)
  2 yaktaurs
  A freezing wraith (Zig:22)
  An ancient zyme (Zig:20)
  6 trolls (Orc:2)
  20 saltlings (Desolation)
  A hornet (Depths:2)
  4 tarantellas
  A raiju (Zig:25)
  6 merfolk
  A raiju (shapeshifter) (D:11)
  A snapping turtle (Zig:16)
  3 jumping spiders
  6 slime creatures
  4 culicivoras
  3 water elementals
  A ynoxinul (Pan)
  A wyvern (Zig:17)
  A golden eye (Slime:2)
  5 redbacks
  An orc warrior (Orc:2)
  5 ogres (Orc:2)
  2 starcursed masses (Zig:25)
  An orc (Orc:2)
  A boulder (Bailey)
197 creatures vanquished.

Vanquished Creatures (others)
  A fire giant (Geh:1)
  A two-headed ogre (Orc:2)
  2 sun demons (Pan)
  A shadow demon (Pan)
  A large abomination (Abyss:6)
  A will-o-the-wisp (Zig:19)
  A culicivora (Spider:1)
  4 golden eyes (Abyss:6)
  A starcursed mass (Zig:12)
  3 ball lightnings (Pan)
  A creeping inferno (Geh:7)
  802 fire vortices
  4 foxfires
  132 fulminant prisms
  A lurking horror (Abyss:6)
  18 starspawn tentacles
  7 tentacles (Tar:7)
981 creatures vanquished.

Grand Total: 9109 creatures vanquished

Notes
Turn   | Place    | Note
-------+----------+-------------------------------------------
     0 | D:1      | dhlexpress the Deep Elf Conjurer began the quest for the
                  | Orb.
     0 | D:1      | Reached XP level 1. HP: 10/10 MP: 6/6
   297 | D:1      | Reached XP level 2. HP: 15/15 MP: 4/8
   437 | D:1      | Learned a level 2 spell: Searing Ray
   595 | D:1      | Reached skill level 5 in Conjurations
   758 | D:1      | Learned a level 1 spell: Apportation
  1154 | D:1      | Reached XP level 3. HP: 19/19 MP: 5/10
  1736 | D:2      | Found a stormy altar of Qazlal.
  1833 | D:2      | Noticed Ijyb
  1850 | D:2      | Killed Ijyb
  1851 | D:2      | Reached XP level 4. HP: 8/24 MP: 3/12
  1854 | D:2      | Learned a level 2 spell: Blink
  1859 | D:2      | Learned a level 4 spell: Iskenderun's Mystic Blast
  2724 | D:3      | Found a glowing golden altar of the Shining One.
  2727 | D:3      | Found a radiant altar of Vehumet.
  2731 | D:3      | Became a worshipper of Vehumet
  2736 | D:3      | Found a snail-covered altar of Cheibriados.
  3036 | D:3      | Reached XP level 5. HP: 23/28 MP: 9/14
  3256 | D:3      | Reached skill level 5 in Spellcasting
  3350 | D:3      | Found a burning altar of Makhleb.
  3353 | D:3      | Noticed a blizzard demon
  3434 | D:3      | Found a glowing silver altar of Zin.
  3434 | D:3      | Noticed an angel
  3614 | D:4      | Learned a level 4 spell: Fulminant Prism
  3618 | D:4      | Noticed a black bear
  3625 | D:4      | Noticed an orc warrior
  3638 | D:4      | Reached skill level 1 in Translocations
  3638 | D:4      | Reached XP level 6. HP: 28/32 MP: 0/15
  3982 | D:4      | Reached * piety under Vehumet
  3982 | D:4      | Offered knowledge of Freeze by Vehumet.
  4232 | D:4      | Reached skill level 1 in Hexes
  4232 | D:4      | Reached XP level 7. HP: 36/36 MP: 3/17
  5279 | D:5      | Entered Level 5 of the Dungeon
  5279 | D:5      | Noticed Edmund
  5322 | D:5      | Noticed Menkaure
  5325 | D:5      | Killed Menkaure
  5664 | D:5      | Reached XP level 8. HP: 35/41 MP: 11/19
  5772 | D:5      | Reached skill level 5 in Translocations
  5788 | D:5      | Killed Edmund
  5789 | D:5      | Reached skill level 5 in Hexes
  5975 | D:5      | Found a staircase to the Ecumenical Temple.
  6779 | D:6      | Reached ** piety under Vehumet
  6781 | D:6      | Offered knowledge of Static Discharge by Vehumet.
  6964 | D:6      | Noticed a hornet
  6969 | D:6      | Killed a hornet
  6970 | D:6      | Reached XP level 9. HP: 32/45 MP: 10/23
  7172 | D:6      | Found Omiestum's Jewellery Shoppe.
  7581 | D:6      | Reached skill level 10 in Conjurations
  7690 | D:6      | Noticed Blork the orc
  7698 | D:6      | Killed Blork the orc
  8080 | D:7      | Noticed Joseph
  8098 | D:7      | Killed Joseph
  8099 | D:7      | Reached skill level 10 in Spellcasting
  8297 | D:7      | Noticed Jeremiah
  8304 | D:7      | Killed Jeremiah
  8370 | D:7      | Offered knowledge of Inner Flame by Vehumet.
  8390 | D:7      | Found the +11 Singing Sword {sonic wave}
  8658 | D:7      | Reached *** piety under Vehumet
  8659 | D:7      | Reached XP level 10. HP: 48/58 MP: 19/26
  8879 | D:8      | Noticed a two-headed ogre
  8886 | D:8      | Killed a two-headed ogre
  8887 | D:8      | Reached skill level 5 in Fighting
  9089 | D:8      | Found an opulent altar of Gozag.
  9111 | D:8      | Offered knowledge of Olgreb's Toxic Radiance by Vehumet.
  9246 | D:8      | Learned a level 4 spell: Olgreb's Toxic Radiance
  9343 | D:8      | Noticed a two-headed ogre
  9352 | D:8      | Killed a two-headed ogre
  9483 | D:8      | Noticed Grum
  9492 | D:8      | Killed Grum
 10146 | D:9      | Noticed a death yak
 10146 | D:9      | Noticed a death yak
 10147 | D:9      | Noticed a death yak
 10152 | D:9      | Reached **** piety under Vehumet
 10154 | D:9      | Found a flagged portal.
 10163 | D:9      | Offered knowledge of Brom's Barrelling Boulder by Vehumet.
 10180 | D:9      | Reached XP level 11. HP: 48/63 MP: 16/28
 10186 | D:9      | Reached ***** piety under Vehumet
 10192 | D:9      | Killed a death yak
 10194 | Bailey   | Entered a bailey
 10200 | Bailey   | Learned a level 4 spell: Brom's Barrelling Boulder
 10271 | Bailey   | HP: 3/63 [orc warrior/bolt (23)]
 10292 | Bailey   | Offered knowledge of Starburst by Vehumet.
 10321 | Bailey   | Learned a level 6 spell: Starburst
 10574 | Bailey   | Reached skill level 1 in Fire Magic
 11084 | Bailey   | Noticed an orc knight
 11089 | Bailey   | Killed an orc knight
 11192 | D:9      | Killed a death yak
 11194 | D:9      | Killed a death yak
 11368 | D:6      | Bought the ring "Lofoil" {rPois rF+ MP+9 Dex+2 Stlth-} for
                  | 451 gold pieces
 11535 | D:9      | Noticed a two-headed ogre
 11543 | D:9      | Killed a two-headed ogre
 11749 | D:9      | Reached skill level 5 in Fire Magic
 11922 | D:9      | Found a staircase to the Orcish Mines.
 11968 | D:9      | Noticed a two-headed ogre
 11971 | D:9      | Killed a two-headed ogre
 11993 | D:9      | Found a staircase to the Lair.
 12673 | D:10     | Entered Level 10 of the Dungeon
 12816 | D:10     | Reached skill level 15 in Conjurations
 12816 | D:10     | Reached XP level 12. HP: 68/68 MP: 21/31
 13237 | D:10     | Found a runed translucent door.
 13241 | D:10     | Noticed a boulder beetle
 13321 | D:10     | Noticed a five-headed hydra
 13327 | D:10     | Killed a five-headed hydra
 13366 | D:10     | Killed a boulder beetle
 13411 | D:10     | Got the Folio of Injurious Gases
 13473 | Lair:1   | Entered Level 1 of the Lair of Beasts
 13530 | Lair:1   | Offered knowledge of Orb of Destruction by Vehumet.
 13585 | Lair:1   | Learned a level 7 spell: Orb of Destruction
 13994 | Lair:1   | Reached skill level 10 in Fire Magic
 14419 | Lair:1   | Learned a level 5 spell: Fireball
 14748 | Lair:2   | Noticed a catoblepas
 14760 | Lair:2   | Killed a catoblepas
 14761 | Lair:2   | Reached skill level 15 in Spellcasting
 14985 | Lair:2   | Reached XP level 13. HP: 43/72 MP: 34/34
 15265 | Lair:2   | Found a hole to the Spider Nest.
 16251 | Lair:3   | Found a staircase to the Shoals.
 16351 | Lair:3   | Found a hide-covered altar of Uskayaw.
 16861 | Lair:4   | Offered knowledge of Yara's Violent Unravelling by Vehumet.
 16931 | Lair:4   | Learned a level 5 spell: Yara's Violent Unravelling
 17132 | Lair:4   | Reached XP level 14. HP: 78/78 MP: 36/36
 18032 | Lair:5   | Entered Level 5 of the Lair of Beasts
 18421 | Lair:5   | Offered knowledge of Spellforged Servitor by Vehumet.
 18444 | Lair:5   | Learned a level 7 spell: Spellforged Servitor
 18510 | Lair:5   | Found a staircase to the Slime Pits.
 19034 | Orc:1    | Entered Level 1 of the Orcish Mines
 19034 | Orc:1    | Found a frozen archway.
 19039 | Orc:1    | Reached skill level 1 in Summonings
 19055 | IceCv    | Entered an ice cave
 19312 | IceCv    | Identified the ring "Jolih" {MP+9 Str+4 Slay+4}
 19752 | Orc:2    | Entered Level 2 of the Orcish Mines
 19822 | Orc:2    | Reached XP level 15. HP: 64/88 MP: 39/39
 19825 | Orc:2    | Offered knowledge of Irradiate by Vehumet.
 19869 | Orc:2    | Found Ruteptass's Weapon Shoppe.
 19869 | Orc:2    | Found Guczimp's General Store.
 19879 | Orc:2    | Found Coyfa's Jewellery Emporium.
 19880 | Orc:2    | Found Ihuen's Distillery.
 19882 | Orc:2    | Bought a scroll of revelation for 97 gold pieces
 19882 | Orc:2    | Bought 2 potions of curing for 78 gold pieces
 20258 | Orc:2    | Found a staircase to the Elven Halls.
 20846 | D:11     | Identified the +5 long sword of Opyed {heavy, rElec rF+
                  | Will++ Dex-4}
 21454 | D:12     | Noticed Fannar
 21458 | D:12     | Killed Fannar
 21538 | D:12     | Noticed Psyche
 21689 | D:12     | Killed Psyche
 21768 | D:12     | Reached ****** piety under Vehumet
 21823 | D:12     | Offered knowledge of Eringya's Noxious Bog by Vehumet.
 22121 | D:13     | Found a gate leading to a gauntlet.
 22134 | Gauntlet | Entered a Gauntlet
 22134 | Gauntlet | Found a transporter.
 22134 | Gauntlet | Found a transporter.
 22136 | Gauntlet | Found a transporter.
 22136 | Gauntlet | Found a transporter.
 22139 | Gauntlet | Found a transporter.
 22150 | Gauntlet | Found a transporter.
 22171 | Gauntlet | Found a transporter.
 22193 | Gauntlet | Found a transporter.
 22211 | Gauntlet | Found a transporter.
 22219 | Gauntlet | Found a transporter.
 22220 | Gauntlet | Found the amulet of the Four Winds {rN+ Will+++ Clar}
 22237 | Gauntlet | Found a transporter.
 22289 | Gauntlet | Found a transporter.
 22333 | Gauntlet | Reached skill level 5 in Summonings
 22339 | Gauntlet | Identified the +2 cloak of Ulluiwu {rN++ Will+}
 22411 | Gauntlet | Identified the +0 pair of gloves of the Yeti {rF+++ Will+
                  | Regen+ Str-5}
 22509 | Gauntlet | Got the Folio of Degeneration
 22591 | D:13     | Found Vedyeg's Weapon Shoppe.
 23017 | D:14     | Reached skill level 15 in Fire Magic
 23032 | D:14     | Found a blossoming altar of Fedhas.
 23172 | D:14     | Found a gate to the Vaults.
 23557 | D:14     | Learned a level 8 spell: Ignition
 23840 | D:15     | Entered Level 15 of the Dungeon
 23931 | D:15     | Found a shadowy altar of Dithmenos.
 24046 | D:15     | Reached XP level 16. HP: 94/96 MP: 40/40
 24232 | D:15     | Found a staircase to the Depths.
 24800 | Spider:1 | Entered Level 1 of the Spider Nest
 25073 | Spider:1 | Offered knowledge of Lehudib's Crystal Spear by Vehumet.
 25661 | Spider:1 | Noticed Mlioglotl
 25666 | Spider:1 | Killed Mlioglotl
 26169 | Spider:2 | Found a runed translucent door.
 26169 | Spider:2 | Found a shimmering altar of Xom.
 26169 | Spider:2 | Noticed Dorkslayer's ghost (adept HOFi)
 26250 | Spider:2 | Learned a level 8 spell: Lehudib's Crystal Spear
 26322 | Spider:2 | Reached skill level 1 in Earth Magic
 26787 | Spider:2 | Reached skill level 5 in Earth Magic
 26820 | Spider:2 | Identified a scroll of acquirement
 26822 | Spider:2 | Acquired a ring of see invisible
 27168 | Spider:3 | Reached XP level 17. HP: 100/100 MP: 43/43
 27521 | Spider:4 | Entered Level 4 of the Spider Nest
 28367 | Spider:4 | Identified the +1 pair of boots of Ruijyckext {Harm rCorr
                  | Str+3}
 28369 | Spider:4 | Got a gossamer rune of Zot
 28380 | Spider:4 | Identified the +2 pair of gloves of the Pleiades {Int+5
                  | Stlth+}
 28387 | Spider:4 | Identified the scarf of the Sheltering Gods {+Inv, rPois
                  | rC- Dex+3}
 28685 | Shoals:1 | Entered Level 1 of the Shoals
 28722 | Shoals:1 | Noticed a kraken
 28725 | Shoals:1 | Killed a kraken
 28731 | Shoals:1 | Offered knowledge of Polar Vortex by Vehumet.
 28731 | Shoals:1 | Offered knowledge of Maxwell's Capacitive Coupling by
                  | Vehumet.
 29116 | Shoals:1 | Found a runed translucent door.
 29478 | Shoals:2 | Identified the +7 chain mail of the Loofah {Harm Rampage
                  | Str-3}
 30421 | Shoals:3 | Reached XP level 18. HP: 97/105 MP: 16/44
 30595 | Shoals:3 | Noticed Mara
 30598 | Shoals:3 | Killed Mara
 30937 | Shoals:4 | Entered Level 4 of the Shoals
 31331 | Shoals:4 | Identified the ring of Nifeileigh {Drain rElec rN+ Str+4}
 31369 | Shoals:4 | Acquired 593 gold pieces
 31459 | Shoals:4 | Found Unakkem's Weapon Emporium.
 31613 | Shoals:4 | Got a barnacled rune of Zot
 32012 | Vaults:1 | Entered Level 1 of the Vaults
 32598 | Vaults:1 | Found Bysereix's Armour Shoppe.
 32837 | Vaults:1 | Reached XP level 19. HP: 99/110 MP: 43/45
 33027 | Vaults:1 | Reached skill level 1 in Shields
 33153 | Vaults:1 | Found Jemoant's Book Shoppe.
 33288 | Vaults:1 | Found Taepergh's Antique Armour Boutique.
 33292 | Vaults:1 | Bought a distressingly furry scarf for 410 gold pieces
 33292 | Vaults:1 | Identified the scarf "Divaoxt" {shadows, rElec rF+ rN+}
                  | (You bought it in a shop on level 1 of the Vaults)
 33644 | Vaults:2 | Found a crumbling gateway.
 33655 | Desolati | Entered the Desolation of Salt
 33857 | Desolati | Identified the ring "Vykuosy" {+Blink rCorr Str+3}
 33866 | Desolati | Identified the ring of Reabyff {MP+9 Int+3}
 33876 | Desolati | Identified the ring of Joy {rF++ Int+6}
 33977 | Desolati | Got the Thoughts on the Heated Dead
 33993 | Desolati | Identified the +8 broad axe "Fokeskao" {drain, *Noise rF++
                  | rC+ Dex-4} (You took it off an ironbound convoker in the
                  | Desolation of Salt)
 33993 | Desolati | Identified the +2 short sword of Earthquakes {protect,
                  | Int+3}
 34057 | Desolati | Identified the amulet "Ydel" {Reflect rC+ SH+5}
 34074 | Desolati | Identified the +7 hand axe of Evil {venom, Str+3 SInv}
 34091 | Desolati | Identified the amulet of the Will of the Gods {Reflect rN+
                  | SH+5}
 34152 | Desolati | Identified the +3 scale mail of Xono {MP+9}
 34184 | Desolati | Identified the +8 whip "Spiderslayer" {freeze, *Rage rPois
                  | rN+ Str+4}
 34291 | Desolati | Identified the ring "Onilloc" {Wiz rN+ Int+3 Slay+3 Stlth-}
 34477 | Desolati | Identified the amulet of Balance {Acrobat Will+ rCorr}
 34685 | Vaults:2 | Learned a level 9 spell: Fire Storm
 34845 | Vaults:2 | Reached skill level 5 in Shields
 35257 | Vaults:2 | Reached XP level 20. HP: 115/115 MP: 49/49
 35476 | Vaults:2 | Found a staircase to the Crypt.
 36744 | Vaults:3 | Noticed Bai Suzhen
 36746 | Vaults:3 | Killed Bai Suzhen
 37416 | Vaults:4 | Reached skill level 10 in Earth Magic
 38675 | Vaults:5 | Entered Level 5 of the Vaults
 38677 | Vaults:5 | Reached XP level 21. HP: 120/120 MP: 50/50
 38789 | Vaults:5 | Identified the +7 war axe "Felixon" {venom, Int+3}
 38805 | Vaults:5 | Noticed an ancient lich
 38807 | Vaults:5 | Reached skill level 15 in Earth Magic
 38808 | Vaults:5 | Killed an ancient lich
 38907 | Vaults:5 | Identified the +5 great sword of Osausas {protect, Int+3}
 38907 | Vaults:5 | Identified the ring of Doqisu {rF+ Will+ MP+9 Str+3}
 39162 | Vaults:5 | Identified the staff "Synuroz" {rElec rN+ rCorr Stlth+
                  | Earth}
 39193 | Vaults:5 | Identified the ring of the Mauling Queen {rC+ Will- Int+6}
 39212 | Vaults:5 | Identified the dragon-blood talisman of Leuwnyer {rElec
                  | Int+3 Dex+3}
 39431 | Vaults:5 | Identified the +5 scale mail of Gluttony {rC+}
 39440 | Vaults:5 | Identified the +0 robe "Ufruykk" {rF+}
 39465 | Vaults:5 | Got a silver rune of Zot
 39672 | Vaults:5 | Found Puennum's Antique Weapon Shoppe.
 39684 | Vaults:5 | Found Inypinn's Distillery.
 39684 | Vaults:5 | Found Mastril's Distillery.
 39689 | Vaults:5 | Bought a potion of heal wounds for 105 gold pieces
 39689 | Vaults:5 | Bought 2 potions of heal wounds for 210 gold pieces
 39689 | Vaults:5 | Bought a potion of curing for 63 gold pieces
 39696 | Vaults:5 | Bought a potion of heal wounds for 80 gold pieces
 39696 | Vaults:5 | Bought a potion of haste for 160 gold pieces
 39696 | Vaults:5 | Bought a potion of haste for 160 gold pieces
 39703 | Vaults:5 | Found Jemehij's Magic Scroll Shop.
 39703 | Vaults:5 | Found Sovim's Magic Scroll Shoppe.
 39708 | Vaults:5 | Bought a scroll of blinking for 135 gold pieces
 39708 | Vaults:5 | Bought a scroll of teleportation for 54 gold pieces
 39715 | Vaults:5 | Bought a scroll of teleportation for 42 gold pieces
 39715 | Vaults:5 | Bought a scroll of teleportation for 42 gold pieces
 39737 | Vaults:5 | Found Acerys's Magic Scroll Emporium.
 39769 | Vaults:5 | Found Mauneb's Magic Scroll Emporium.
 39769 | Vaults:5 | Noticed an ancient lich
 39772 | Vaults:5 | Killed an ancient lich
 39794 | Vaults:5 | Bought a scroll of amnesia for 64 gold pieces
 39794 | Vaults:5 | Bought a scroll of fear for 64 gold pieces
 39794 | Vaults:5 | Bought a scroll of amnesia for 64 gold pieces
 39794 | Vaults:5 | Bought a scroll of revelation for 120 gold pieces
 39806 | Vaults:5 | Learned a level 9 spell: Shatter
 40133 | Elf:1    | Entered Level 1 of the Elven Halls
 40168 | Elf:1    | Paralysed by an air elemental for 1 turns
 40405 | Elf:1    | Reached XP level 22. HP: 125/125 MP: 51/51
 41231 | Elf:2    | Found a shimmering blue altar of Sif Muna.
 41693 | Elf:2    | Found a runed translucent gate.
 41696 | Elf:2    | Found a runed translucent gate.
 41697 | Elf:2    | Found a runed translucent gate.
 41974 | Elf:2    | Found a shimmering blue altar of Sif Muna.
 42375 | Elf:3    | Entered Level 3 of the Elven Halls
 42429 | Elf:3    | Found Begi's Armour Boutique.
 42439 | Elf:3    | Found Xoskop's Weapon Boutique.
 42449 | Elf:3    | Acquired 1223 gold pieces
 42505 | Elf:3    | Found the +27 heavy crossbow "Sniper" {heavy, Acc+∞ SInv}
 42527 | Elf:3    | Found the +12 glaive of Prune {freeze, Prune}
 42540 | Elf:3    | Identified the staff "Fegun" {rF+ Dex+2 Fire}
 42545 | Elf:3    | Identified the staff of Deformation {rCorr Str+2 Conj}
 42596 | Elf:3    | Identified the staff "Beastslayer" {rC+ Will+ Str+3 Ice}
 42598 | Elf:3    | Got the Discursus on Red-Hot Support
 42627 | Elf:3    | Identified the +2 arbalest of the Protecting Seeker {flame,
                  | Fragile rElec rF+ Str+2}
 42652 | Elf:3    | Identified the +7 chain mail of Impressiveness {Fly}
 42784 | Elf:3    | Identified the +10 broad axe "Adghit" {heavy, *Corrode
                  | rElec rF- Will++}
 42815 | Elf:3    | Learned a level 9 spell: Chain Lightning
 43123 | Elf:3    | Reached skill level 1 in Air Magic
 43592 | Depths:1 | Entered Level 1 of the Depths
 43592 | Depths:1 | Found a gateway to Hell.
 43756 | Depths:1 | Noticed an ancient lich
 43757 | Depths:1 | Found a one-way gateway to a ziggurat.
 43757 | Depths:1 | Noticed a dread lich
 43760 | Depths:1 | Killed an ancient lich
 43760 | Depths:1 | Killed a dread lich
 43761 | Depths:1 | Reached skill level 5 in Air Magic
 43761 | Depths:1 | Reached XP level 23. HP: 129/129 MP: 52/52
 43899 | Depths:1 | Found Nygeppeas's Antique Armour Shop.
 44146 | Depths:1 | Identified the +6 leather armour "Tuysh" {rC+}
 44153 | Depths:1 | Found a one-way gate to the infinite horrors of the Abyss.
 44652 | Depths:2 | Identified the ring of Red Wine {Ice rCorr Dex+4}
 44652 | Depths:2 | Noticed Josephina
 44654 | Depths:2 | Killed Josephina
 44660 | Depths:2 | Noticed Saint Roka
 44663 | Depths:2 | Killed Saint Roka
 44664 | Depths:2 | Noticed Sojobo
 44667 | Depths:2 | Killed Sojobo
 45138 | Depths:2 | Reached skill level 10 in Air Magic
 45297 | Depths:2 | Identified the +8 short sword of the Endless Expanse
                  | {flame, Fly Dex+2 Stlth+}
 45441 | Depths:2 | Found Umotukk's Book Shoppe.
 45441 | Depths:2 | Found Zoatat's Jewellery Shop.
 45442 | Depths:2 | Found Ylann's Jewellery Shop.
 45452 | Depths:2 | Bought the amulet of Trepidation {RegenMP Str+6} for 644
                  | gold pieces
 45584 | Depths:2 | Found a one-way gate leading to the halls of Pandemonium.
 46761 | Depths:4 | Entered Level 4 of the Depths
 46927 | Depths:4 | Reached XP level 24. HP: 134/135 MP: 53/54
 47007 | Depths:4 | Identified the +0 chain mail of Wonder {rElec Int+2}
 47083 | Depths:4 | Found a gate to the Realm of Zot.
 48076 | Crypt:1  | Entered Level 1 of the Crypt
 49237 | Crypt:2  | Got Sif Muna's Discourse on Filthy Death
 49242 | Crypt:2  | Reached skill level 15 in Air Magic
 49844 | Crypt:3  | Entered Level 3 of the Crypt
 49973 | Crypt:3  | Found an ancient bone altar of Kikubaaqudgha.
 50234 | Crypt:3  | Identified the +3 helmet of the Sea {+Blink rPois}
 50303 | Crypt:3  | Identified the +1 scale mail of Greater Demons {Str+3 SInv}
 50373 | Crypt:3  | Reached skill level 1 in Necromancy
 50396 | Crypt:3  | Noticed an ancient lich
 50398 | Crypt:3  | Killed an ancient lich
 50399 | Crypt:3  | Reached XP level 25. HP: 140/140 MP: 55/55
 50414 | Crypt:3  | Identified the ring of the Mpinguari {Wiz rPois rF+ rN+}
 50471 | Crypt:3  | Identified the +0 chain mail "Hof Zieb" {rF+}
 50988 | Crypt:3  | Found a staircase to the Tomb.
 51083 | Crypt:3  | Acquired 320 gold pieces
 51541 | Slime:1  | Entered Level 1 of the Pits of Slime
 51545 | Slime:1  | Reached skill level 27 in Spellcasting
 51545 | Slime:1  | Reached skill level 5 in Necromancy
 53402 | Slime:5  | Entered Level 5 of the Pits of Slime
 53445 | Slime:5  | Noticed the Royal Jelly
 53448 | Slime:5  | Killed the Royal Jelly
 53449 | Slime:5  | Reached skill level 10 in Necromancy
 53527 | Slime:5  | Identified the staff of Pride {rN+ SInv Stlth+ Necro}
 53542 | Slime:5  | Got Sif Muna's Octavo of the Burning Charnel House
 53544 | Slime:5  | Got the Incunabulum of the Hornet and the Tempest
 53564 | Slime:5  | Reached XP level 26. HP: 144/144 MP: 56/56
 53566 | Slime:5  | Got Puppiuw's Encyclopedia of the Filthy Body
 53568 | Slime:5  | Got a slimy rune of Zot
 53643 | Slime:5  | Identified the +7 flail "Kienois" {freeze, Str+3}
 53644 | Slime:5  | Identified the +1 trident of Contention {elec, rN+ Dex+4
                  | SInv}
 54311 | Depths:1 | Learned a level 9 spell: Death's Door
 54338 | Zig:1    | Entered Level 1 of a ziggurat
 54454 | Zig:2    | Entered Level 2 of a ziggurat
 54487 | Zig:3    | Entered Level 3 of a ziggurat
 54504 | Zig:4    | Entered Level 4 of a ziggurat
 54517 | Zig:5    | Entered Level 5 of a ziggurat
 54518 | Zig:5    | Noticed an ancient lich
 54521 | Zig:5    | Killed an ancient lich
 54544 | Zig:6    | Entered Level 6 of a ziggurat
 54548 | Zig:6    | Noticed a dread lich
 54551 | Zig:6    | Killed a dread lich
 54587 | Zig:6    | Identified the staff of the Swamp {rF+ rC+ Stlth+ Ice
                  | Poison}
 54592 | Zig:6    | Acquired 1201 gold pieces
 54595 | Zig:7    | Entered Level 7 of a ziggurat
 54600 | Zig:7    | Noticed Baezunie the pandemonium lord
 54604 | Zig:7    | Killed Baezunie the pandemonium lord
 54676 | Zig:7    | Identified the +0 robe of Negligence {Fly rPois rF- Will-
                  | Str+7}
 54681 | Zig:8    | Entered Level 8 of a ziggurat
 54736 | Zig:8    | Identified the staff of Bloodstone {rC+ rN+ Necro}
 54770 | Zig:8    | Reached XP level 27. HP: 149/149 MP: 56/56
 54772 | Zig:9    | Entered Level 9 of a ziggurat
 54790 | Zig:9    | Reached skill level 15 in Necromancy
 54796 | Zig:9    | Identified the +8 chain mail "Syabuaw" {rPois}
 54871 | Zig:10   | Entered Level 10 of a ziggurat
 54904 | Zig:10   | Got the Compendium of Teratogeny and Movement
 54915 | Zig:10   | Identified the staff "Qoirav" {rF++ MP+9 Stlth+ Earth}
 54954 | Zig:11   | Entered Level 11 of a ziggurat
 54988 | Zig:11   | Identified the ring "Sopeofuo" {rElec rC++ Will+}
 55012 | Zig:12   | Entered Level 12 of a ziggurat
 55061 | Zig:13   | Entered Level 13 of a ziggurat
 55161 | Zig:13   | Found the +4 robe of Folly {Brill Will-∞ Int+8}
 55173 | Zig:13   | Identified the ring "Kuckuine" {rPois rN+ SInv}
 55182 | Zig:13   | Identified the +1 hand axe of Bloody Death {heavy, rF+
                  | Str+5}
 55188 | Zig:14   | Entered Level 14 of a ziggurat
 55296 | Zig:15   | Entered Level 15 of a ziggurat
 55330 | Zig:15   | Identified the +5 dagger "Bicokk" {freeze, Str+3 Dex+3}
 55331 | Zig:15   | Identified the +3 leather armour of Koliy {Str+3 Int-4
                  | Dex+3}
 55333 | Zig:15   | Identified the +0 orcbow of the Volcano {heavy, Will+}
 55401 | Zig:16   | Entered Level 16 of a ziggurat
 55412 | Zig:16   | Noticed an ancient lich
 55414 | Zig:16   | Killed an ancient lich
 55414 | Zig:16   | Noticed an ancient lich
 55415 | Zig:16   | Killed an ancient lich
 55451 | Zig:16   | Identified the ring "Lyde" {rN+ Int+3}
 55457 | Zig:16   | Identified the staff of Valiance {rF+ Str+3 Int+6 Dex-3
                  | Fire}
 55461 | Zig:17   | Entered Level 17 of a ziggurat
 55506 | Zig:17   | Identified the +0 chain mail "Yteadis" {Drain rN+++ Will-
                  | rCorr}
 55545 | Zig:18   | Entered Level 18 of a ziggurat
 55559 | Zig:18   | Noticed a dread lich
 55560 | Zig:18   | Noticed a dread lich
 55561 | Zig:18   | Killed a dread lich
 55562 | Zig:18   | Killed a dread lich
 55562 | Zig:18   | Noticed a dread lich
 55563 | Zig:18   | Killed a dread lich
 55564 | Zig:18   | Noticed an ancient lich
 55566 | Zig:18   | Reached skill level 10 in Shields
 55567 | Zig:18   | Killed an ancient lich
 55567 | Zig:18   | Noticed a dread lich
 55570 | Zig:18   | Killed a dread lich
 55601 | Zig:18   | Identified the +3 scale mail "Tuoxon" {Will++ MP-9}
 55602 | Zig:18   | Identified the +7 dire flail of Annihilation {flame, rElec
                  | Will+}
 55606 | Zig:18   | Identified the ring of Grontol {+Blink rPois MP-9 Str+4
                  | Int+3}
 55626 | Zig:18   | Acquired 856 gold pieces
 55628 | Zig:18   | Acquired 754 gold pieces
 55631 | Zig:19   | Entered Level 19 of a ziggurat
 55662 | Zig:19   | Reached skill level 10 in Fighting
 55729 | Zig:19   | Found the ring of the Tortoise {AC+8}
 55771 | Zig:20   | Entered Level 20 of a ziggurat
 55795 | Zig:20   | Noticed an ancient lich
 55797 | Zig:20   | Killed an ancient lich
 55802 | Zig:20   | Noticed a dread lich
 55803 | Zig:20   | Killed a dread lich
 55884 | Zig:20   | Found the +7 great mace "Undeadhunter" {deathbane, rN+}
 55943 | Zig:20   | Identified the +0 dagger of the Glamorous God {drain, rF+
                  | rN+ rCorr Str-2 Int+3}
 55982 | Zig:21   | Entered Level 21 of a ziggurat
 55995 | Zig:21   | Noticed a dread lich
 55998 | Zig:21   | Killed a dread lich
 55999 | Zig:21   | Noticed an ancient lich
 55999 | Zig:21   | Noticed a dread lich
 56000 | Zig:21   | Killed a dread lich
 56003 | Zig:21   | Killed an ancient lich
 56007 | Zig:21   | Noticed a dread lich
 56009 | Zig:21   | Killed a dread lich
 56012 | Zig:21   | Noticed an ancient lich
 56013 | Zig:21   | Killed an ancient lich
 56030 | Zig:21   | Identified the +1 pair of gloves of the Lost Path {rC+}
 56042 | Zig:21   | Identified the ring "Raicuuk" {Will+ Int+4}
 56047 | Zig:21   | Identified the amulet "Ocias" {rF+ Regen+ Dex+5}
 56049 | Zig:21   | Identified the +0 ring mail of Areish {rN+ rCorr Dex-5
                  | SInv}
 56077 | Zig:22   | Entered Level 22 of a ziggurat
 56129 | Zig:22   | Identified the amulet of Apuowiod {Reflect rPois rN+ SH+5}
 56143 | Zig:22   | Identified the ring "Sontecuq" {*Slow rN++ Will+ AC+4
                  | Stlth+}
 56148 | Zig:22   | Identified the +7 flail "Erchuuhaj" {drain, rElec Will+
                  | Dex-5 Stlth+}
 56159 | Zig:23   | Entered Level 23 of a ziggurat
 56180 | Zig:23   | Noticed an ancient lich
 56182 | Zig:23   | Killed an ancient lich
 56182 | Zig:23   | Noticed a dread lich
 56183 | Zig:23   | Killed a dread lich
 56183 | Zig:23   | Noticed an ancient lich
 56187 | Zig:23   | Killed an ancient lich
 56187 | Zig:23   | Noticed an ancient lich
 56188 | Zig:23   | Noticed an ancient lich
 56189 | Zig:23   | Killed an ancient lich
 56190 | Zig:23   | Reached skill level 15 in Fighting
 56190 | Zig:23   | Killed an ancient lich
 56192 | Zig:23   | Noticed a dread lich
 56194 | Zig:23   | Killed a dread lich
 56222 | Zig:23   | Identified the staff "Meqy" {Will+ Str+2 Conj}
 56224 | Zig:23   | Got Ipti Xups's Secrets of Fetid Ouranomancy
 56230 | Zig:24   | Entered Level 24 of a ziggurat
 56405 | Zig:24   | Found the +8 Vampire's Tooth {megavamp}
 56412 | Zig:24   | Identified the ring of Uczyogo {Fire Will+ Str+5}
 56445 | Zig:24   | Identified the +7 battleaxe "Goblinbane" {elec, rPois rCorr
                  | Int-5 Dex+5}
 56449 | Zig:25   | Entered Level 25 of a ziggurat
 56659 | Zig:25   | Found the +10 Black Knight's barding {ponderous, rPois rN+}
 56719 | Zig:25   | Reached skill level 27 in Conjurations
 56722 | Zig:26   | Entered Level 26 of a ziggurat
 56748 | Zig:26   | Noticed a royal mummy
 56748 | Zig:26   | Noticed a royal mummy
 56750 | Zig:26   | Killed a royal mummy
 56750 | Zig:26   | Killed a royal mummy
 56751 | Zig:26   | Noticed a royal mummy
 56753 | Zig:26   | Noticed a royal mummy
 56753 | Zig:26   | Noticed a royal mummy
 56753 | Zig:26   | Noticed a royal mummy
 56753 | Zig:26   | Noticed a royal mummy
 56753 | Zig:26   | Noticed a royal mummy
 56753 | Zig:26   | Noticed a royal mummy
 56753 | Zig:26   | Noticed a royal mummy
 56754 | Zig:26   | Killed a royal mummy
 56754 | Zig:26   | Noticed a royal mummy
 56754 | Zig:26   | Noticed a royal mummy
 56755 | Zig:26   | Noticed a royal mummy
 56755 | Zig:26   | Noticed a royal mummy
 56756 | Zig:26   | Killed a royal mummy
 56756 | Zig:26   | Killed a royal mummy
 56756 | Zig:26   | Killed a royal mummy
 56756 | Zig:26   | Killed a royal mummy
 56756 | Zig:26   | Killed a royal mummy
 56756 | Zig:26   | Killed a royal mummy
 56756 | Zig:26   | Killed a royal mummy
 56756 | Zig:26   | Killed a royal mummy
 56757 | Zig:26   | Killed a royal mummy
 56757 | Zig:26   | Killed a royal mummy
 56757 | Zig:26   | Killed a royal mummy
 56871 | Zig:26   | Found the +5 robe of Night {Dark Will+ SInv}
 56896 | Zig:27   | Entered Level 27 of a ziggurat
 56958 | Zig:27   | Got the Codex of Friendly Transmogrification
 56959 | Zig:27   | Identified the staff "Otyok" {rF+ rC+ Will- Int+3 Fire}
 56977 | Zig:27   | Identified the +0 robe "Tipuyji" {+Blink rElec Str+3}
 57026 | Zig:1    | Entered Level 1 of a ziggurat
 57045 | Zig:2    | Entered Level 2 of a ziggurat
 57080 | Zig:3    | Entered Level 3 of a ziggurat
 57083 | Zig:3    | Noticed a dread lich
 57086 | Zig:3    | Killed a dread lich
 57100 | Zig:4    | Entered Level 4 of a ziggurat
 57116 | Zig:5    | Entered Level 5 of a ziggurat
 57140 | Zig:6    | Entered Level 6 of a ziggurat
 57195 | Zig:7    | Entered Level 7 of a ziggurat
 57226 | Zig:7    | Identified the +11 glaive of the Real Monster {freeze, Fly
                  | rPois rC- Int-5}
 57227 | Zig:7    | Identified the staff "Impbane" {rN+ Stlth+ Conj}
 57236 | Zig:8    | Entered Level 8 of a ziggurat
 57288 | Zig:8    | Identified the ring "Zaps" {MP+9 Slay+4}
 57307 | Zig:9    | Entered Level 9 of a ziggurat
 57348 | Zig:9    | Identified the +0 cloak of the Hills {-Tele +Inv rElec rN+}
 57350 | Zig:9    | Identified the ring "Saupy" {Wiz rElec rC+ Dex+3}
 57366 | Zig:10   | Entered Level 10 of a ziggurat
 57474 | Zig:11   | Entered Level 11 of a ziggurat
 57502 | Zig:11   | Identified the +3 scimitar of Hamoalog {speed, rPois rC-
                  | Int+5}
 57506 | Zig:12   | Entered Level 12 of a ziggurat
 57541 | Zig:12   | Found the +7 sceptre of Torment {pain, torment}
 57548 | Zig:12   | Identified the amulet "Fol Ogy" {RegenMP rF+ Int+2 Dex-3
                  | SInv}
 57572 | Zig:13   | Entered Level 13 of a ziggurat
 57597 | Zig:13   | Found the +5 glaive of the Guard {elec, spectral}
 57598 | Zig:13   | Found the +7 lajatang of Order {silver, rMut}
 57624 | Zig:14   | Entered Level 14 of a ziggurat
 57638 | Zig:14   | Found the +2 Maxwell's thermic engine {flame, freeze, rev}
 57699 | Zig:14   | Identified the ring of Riw Noox {rElec Will+ Str+3 Dex-2}
 57727 | Zig:15   | Entered Level 15 of a ziggurat
 57774 | Zig:15   | Found the macabre finger necklace {Finger+ rN+}
 57800 | Zig:15   | Identified the +7 long sword "Nielif" {pain, rPois Will++
                  | Str+2 Int-3}
 57807 | Zig:15   | Identified the staff of Exquisite Torment {rC+ Stlth+ Ice}
 57811 | Zig:15   | Identified the +4 spear of Ru's Generosity {heavy, *Rage
                  | Int+3 Dex+4}
 57815 | Zig:15   | Identified the +8 falchion "Vatu" {flame, rPois rC- Str+2
                  | Int+3}
 57831 | Zig:16   | Entered Level 16 of a ziggurat
 57920 | Zig:16   | Acquired the +5 scythe "Finisher" {speed, execute}
 57920 | Zig:16   | Found the +5 scythe "Finisher" {speed, execute}
 57923 | Zig:16   | Reached skill level 27 in Fighting
 57925 | Zig:17   | Entered Level 17 of a ziggurat
 57935 | Zig:17   | Reached skill level 5 in Stealth
 57951 | Zig:17   | Found the +9 staff of Olgreb {rPois∞}
 57961 | Zig:17   | Got the Directory of the Warped Undead
 57979 | Zig:17   | Identified the staff "Weuq" {+Blink rF- Int+3 Conj}
 57992 | Zig:17   | Identified the orb "Icergh" {*channel, rN++ Str+3 Dex+3}
 58000 | Zig:17   | Identified the staff "Olamofy" {rElec rN++ Stlth- Conj}
 58006 | Zig:18   | Entered Level 18 of a ziggurat
 58023 | Zig:18   | Reached skill level 10 in Stealth
 58056 | Zig:18   | Found the +10 dark maul {heavy}
 58086 | Zig:18   | Identified the amulet of Lies {Acrobat Harm Will+ Regen+}
 58091 | Zig:18   | Identified the +7 great sword "Bekih" {protect, +Blink rF+}
 58102 | Zig:18   | Identified the +6 ring mail "Xoebb" {Rampage Will+}
 58105 | Zig:19   | Entered Level 19 of a ziggurat
 58109 | Zig:19   | Noticed an orb of fire
 58110 | Zig:19   | Noticed an orb of fire
 58111 | Zig:19   | Noticed an orb of fire
 58113 | Zig:19   | Noticed an orb of fire
 58113 | Zig:19   | Noticed an orb of fire
 58113 | Zig:19   | Gained mutation: You occasionally lose the ability to read
                  | scrolls when taking damage. [an orb of fire]
 58113 | Zig:19   | Noticed an orb of fire
 58115 | Zig:19   | Noticed an orb of fire
 58115 | Zig:19   | Gained mutation: Armour fits poorly on your strangely
                  | shaped body. [an orb of fire]
 58116 | Zig:19   | Noticed an orb of fire
 58116 | Zig:19   | Noticed an orb of fire
 58118 | Zig:19   | Killed an orb of fire
 58119 | Zig:19   | Killed an orb of fire
 58119 | Zig:19   | Killed an orb of fire
 58120 | Zig:19   | Killed an orb of fire
 58120 | Zig:19   | Killed an orb of fire
 58120 | Zig:19   | Killed an orb of fire
 58120 | Zig:19   | Killed an orb of fire
 58120 | Zig:19   | Killed an orb of fire
 58121 | Zig:19   | Killed an orb of fire
 58174 | Zig:19   | Lost mutation: You occasionally lose the ability to read
                  | scrolls when taking damage. [potion of mutation]
 58174 | Zig:19   | Lost mutation: Armour fits poorly on your strangely shaped
                  | body. [potion of mutation]
 58174 | Zig:19   | Gained mutation: You are somewhat resistant to further
                  | mutation. [potion of mutation]
 58174 | Zig:19   | Gained mutation: You occasionally lose the ability to read
                  | scrolls when taking damage. [potion of mutation]
 58175 | Zig:19   | Lost mutation: You are somewhat resistant to further
                  | mutation. [potion of mutation]
 58175 | Zig:19   | Lost mutation: You occasionally lose the ability to read
                  | scrolls when taking damage. [potion of mutation]
 58175 | Zig:19   | Gained mutation: Your flesh is cold resistant. (rC+)
                  | [potion of mutation]
 58175 | Zig:19   | Gained mutation: You are covered in fur. (AC +1) [potion of
                  | mutation]
 58190 | Zig:19   | Identified the +2 ring mail of Gestures {Harm Fly Dex+2
                  | Stlth-}
 58211 | Zig:19   | Identified the +0 plate armour of Mirth {-Cast Will+ Regen+
                  | Dex+5}
 58287 | Zig:19   | Reached skill level 15 in Stealth
 58288 | Zig:19   | Reached skill level 27 in Necromancy
 58291 | Zig:20   | Entered Level 20 of a ziggurat
 58332 | Zig:20   | Identified the staff of the Ghost {rF+ Int+2 Fire}
 58338 | Zig:20   | Identified the +7 rapier of the Tundras {flame, rF+ rC+}
 58403 | Zig:21   | Entered Level 21 of a ziggurat
 58409 | Zig:21   | Noticed a juggernaut
 58413 | Zig:21   | Killed a juggernaut
 58415 | Zig:21   | Noticed a juggernaut
 58415 | Zig:21   | Noticed a juggernaut
 58418 | Zig:21   | Killed a juggernaut
 58419 | Zig:21   | Killed a juggernaut
 58419 | Zig:21   | Noticed a juggernaut
 58420 | Zig:21   | Noticed a juggernaut
 58421 | Zig:21   | Noticed a juggernaut
 58422 | Zig:21   | Killed a juggernaut
 58423 | Zig:21   | Killed a juggernaut
 58423 | Zig:21   | Killed a juggernaut
 58427 | Zig:21   | Noticed a juggernaut
 58429 | Zig:21   | Killed a juggernaut
 58443 | Zig:21   | Identified the +0 shortbow of Dismemberment {freeze, rCorr}
 58450 | Zig:21   | Identified the amulet "Piroptyi" {Regen+ Int+3}
 58458 | Zig:21   | Identified the amulet of Liberty {Spirit rC+ Will+ rCorr
                  | Int-5}
 58462 | Zig:22   | Entered Level 22 of a ziggurat
 58482 | Zig:22   | Reached skill level 5 in Dodging
 58502 | Zig:22   | Identified the staff of Kismet {*Slow rPois Str+3 Stlth+
                  | Conj}
 58510 | Zig:22   | Identified the ring "Ted Cioph" {Ice rN+ Dex+2 Stlth+}
 58524 | Zig:22   | Identified the +0 pearl dragon scales "Duyjedde" {rN+
                  | Dex+4}
 58537 | Zig:22   | Identified the ring "Denedin" {*Corrode rC+ Str+3 Int+6
                  | Slay+3}
 58543 | Zig:23   | Entered Level 23 of a ziggurat
 58620 | Zig:23   | Identified the ring "Hosucwod" {rPois rF+ Int-3 Dex+3}
 58628 | Zig:23   | Identified the +2 plate armour of Egalitarianism {rC- rN+++
                  | MP-9 Int+5}
 58635 | Zig:23   | Identified the ring "Rucu" {*Slow Fly rC+ rCorr Str+2}
 58652 | Zig:24   | Entered Level 24 of a ziggurat
 58661 | Zig:24   | Noticed an ancient lich
 58662 | Zig:24   | Noticed an ancient lich
 58663 | Zig:24   | Killed an ancient lich
 58663 | Zig:24   | Noticed a dread lich
 58664 | Zig:24   | Killed an ancient lich
 58664 | Zig:24   | Noticed a dread lich
 58665 | Zig:24   | Killed a dread lich
 58666 | Zig:24   | Killed a dread lich
 58666 | Zig:24   | Noticed a dread lich
 58667 | Zig:24   | Noticed an ancient lich
 58668 | Zig:24   | Noticed a dread lich
 58669 | Zig:24   | Killed an ancient lich
 58669 | Zig:24   | Killed a dread lich
 58669 | Zig:24   | Killed a dread lich
 58670 | Zig:24   | Reached skill level 10 in Dodging
 58670 | Zig:24   | Noticed an ancient lich
 58671 | Zig:24   | Noticed an ancient lich
 58672 | Zig:24   | Killed an ancient lich
 58672 | Zig:24   | Killed an ancient lich
 58673 | Zig:24   | Killed a dread lich
 58674 | Zig:24   | Noticed an ancient lich
 58676 | Zig:24   | Killed an ancient lich
 58679 | Zig:24   | Killed an ancient lich
 58679 | Zig:24   | Killed an ancient lich
 58699 | Zig:24   | Identified the amulet "Juthriw" {+Inv Regen+}
 58717 | Zig:24   | Identified the +9 scimitar "Ogreslayer" {flame, rC- rCorr
                  | Int+5 Stlth+}
 58719 | Zig:25   | Entered Level 25 of a ziggurat
 58763 | Zig:25   | Reached skill level 27 in Stealth
 58786 | Zig:25   | Identified the ring of Gurium {Str+5 SInv Stlth+}
 58793 | Zig:25   | Identified the +6 falchion of False Hope {heavy, *Slow
                  | Str+3 Dex+2}
 58794 | Zig:25   | Identified the ring "Icvef" {rElec rN+ Will+ Dex+6}
 58804 | Zig:25   | Identified the amulet of Elyvilon's Castigation {Acrobat
                  | rC+}
 58812 | Zig:26   | Entered Level 26 of a ziggurat
 58834 | Zig:26   | Reached skill level 27 in Earth Magic
 58839 | Zig:26   | Reached skill level 15 in Dodging
 58945 | Zig:26   | Found the necklace of Bloodlust {Fury *Rage Will++ Int-3
                  | Slay+6}
 58954 | Zig:26   | Identified the ring of Eshrol {rN+ Slay+2}
 58968 | Zig:26   | Identified the +4 pair of gloves of Refuge {rPois rC-
                  | Str+3}
 58980 | Zig:27   | Entered Level 27 of a ziggurat
 59155 | Zig:27   | Identified the ring of Syral {+Blink MP+9}
 59274 | Depths:1 | Bought the +5 Storm Queen's Shield {shock, Fly rElec} for
                  | 1140 gold pieces
 59274 | Depths:1 | Found the +5 Storm Queen's Shield {shock, Fly rElec}
 59346 | Depths:2 | Bought a talisman of death for 1200 gold pieces
 59418 | Zig:1    | Entered Level 1 of a ziggurat
 59419 | Zig:1    | Noticed Geruk the pandemonium lord
 59425 | Zig:1    | Killed Geruk the pandemonium lord
 59426 | Zig:1    | Reached skill level 1 in Shapeshifting
 59454 | Zig:2    | Entered Level 2 of a ziggurat
 59476 | Zig:3    | Entered Level 3 of a ziggurat
 59490 | Zig:4    | Entered Level 4 of a ziggurat
 59509 | Zig:5    | Entered Level 5 of a ziggurat
 59514 | Zig:5    | Reached skill level 5 in Shapeshifting
 59514 | Zig:5    | Paralysed by an air elemental for 1 turns
 59542 | Zig:6    | Entered Level 6 of a ziggurat
 59623 | Zig:6    | Identified the ring of the Good {rF+ Str+6 Int+4 Dex+4}
 59642 | Zig:7    | Entered Level 7 of a ziggurat
 59648 | Zig:7    | Found the +8 frozen axe "Frostbite" {freeze, freezing
                  | cloud, *Noise Fly rC+}
 59720 | Zig:7    | Identified the ring of Ixkiuh {Str+3 Int+6}
 59730 | Zig:7    | Identified the quicksilver dragon scales "Zauk" {+Blink rN+
                  | Will+ Dex-5}
 59733 | Zig:8    | Entered Level 8 of a ziggurat
 59780 | Zig:8    | Identified the staff of the Tooth {MP+9 Str+4 Int+4 Stlth-
                  | Conj}
 59781 | Zig:8    | Identified the +11 orcbow "Arbiter" {antimagic, rC+}
 59784 | Zig:8    | Identified the staff "Seakuel" {rN+ Dex+3 Necro}
 59789 | Zig:9    | Entered Level 9 of a ziggurat
 59797 | Zig:9    | Reached skill level 10 in Shapeshifting
 59798 | Zig:9    | Paralysed by an air elemental for 1 turns
 59821 | Zig:10   | Entered Level 10 of a ziggurat
 59856 | Zig:10   | Identified the +4 plate armour of Eshuf {rF+ Dex+4}
 59858 | Zig:10   | Identified the amulet "Luthoih" {Faith rN+ Str+2}
 59863 | Zig:10   | Identified the ring "Kafenn" {rC+ rN+ Str-3 Stlth+}
 59888 | Zig:11   | Entered Level 11 of a ziggurat
 59902 | Zig:11   | Noticed Sineq the pandemonium lord
 59910 | Zig:11   | Killed Sineq the pandemonium lord
 60085 | Zig:11   | Identified the ring "Kalarawaje" {rElec EV+5 Dex+2}
 60097 | Zig:12   | Entered Level 12 of a ziggurat
 60124 | Zig:12   | Paralysed by accursed screaming for 2 turns
 60210 | Zig:12   | Identified the +0 lajatang "Ultimatum" {flame, rCorr Str-2
                  | Int+3}
 60214 | Zig:12   | Identified the +0 hand axe of Fate {heavy, +Blink}
 60218 | Zig:13   | Entered Level 13 of a ziggurat
 60226 | Zig:13   | Noticed a dread lich
 60229 | Zig:13   | Killed a dread lich
 60230 | Zig:13   | Reached skill level 15 in Shapeshifting
 60232 | Zig:13   | Noticed a dread lich
 60233 | Zig:13   | Killed a dread lich
 60247 | Zig:13   | Identified the +6 chain mail of Midein Ylang {Str+3 Slay-6
                  | SInv}
 60250 | Zig:13   | Identified the ring of Jynk {rElec rC- rN+ Int+6 Stlth+}
 60263 | Zig:13   | Identified the staff of the Horn {rF+ rN+ Str+2 Fire}
 60268 | Zig:13   | Identified the +2 robe of Cufudif Xiod {rN+ Will- Str-2
                  | Dex+5}
 60273 | Zig:14   | Entered Level 14 of a ziggurat
 60277 | Zig:14   | Noticed a juggernaut
 60280 | Zig:14   | Killed a juggernaut
 60307 | Zig:14   | Identified the staff of Law {rC+ Dex+5 Ice}
 60311 | Zig:14   | Identified the amulet of the Worm {Spirit rPois}
 60314 | Zig:14   | Identified the +9 battleaxe of the Slimy God {heavy, rC++}
 60315 | Zig:14   | Identified the +4 ring mail of Undesirable Species {Str+3}
 60322 | Zig:14   | Identified the +0 falchion of Isaolid {freeze, *Rage *Noise
                  | rElec Dex+8}
 60333 | Zig:15   | Entered Level 15 of a ziggurat
 60431 | Zig:15   | Found the +8 arc blade {discharge, rElec}
 60444 | Zig:15   | Identified the staff of Resonant Tender Mercy {rF+ rC+ Ice}
 60450 | Zig:16   | Entered Level 16 of a ziggurat
 60501 | Zig:16   | Identified the ring of Uschaeqabb {Will+ rCorr}
 60518 | Zig:16   | Identified the amulet of the Giraffatuar {Reflect rF+++
                  | Dex+4 SH+5}
 60530 | Zig:17   | Entered Level 17 of a ziggurat
 60541 | Zig:17   | Reached skill level 27 in Dodging
 60562 | Zig:17   | Found the +7 Throatcutter {drain, coup de grace}
 60569 | Zig:17   | Identified the ring "Fionneos" {Drain Fly Int+2 Dex+4
                  | Stlth+}
 60583 | Zig:17   | Identified the ring "Laol" {+Blink rN+}
 60590 | Zig:17   | Identified the -1 pair of gloves of the Stone Wall {rPois
                  | rN+ Int+3}
 60603 | Zig:18   | Entered Level 18 of a ziggurat
 60617 | Zig:18   | Noticed an ancient lich
 60618 | Zig:18   | Killed an ancient lich
 60619 | Zig:18   | Noticed an ancient lich
 60620 | Zig:18   | Killed a dread lich
 60621 | Zig:18   | Killed an ancient lich
 60621 | Zig:18   | Killed an ancient lich
 60621 | Zig:18   | Killed a dread lich
 60623 | Zig:18   | Noticed an ancient lich
 60624 | Zig:18   | Killed an ancient lich
 60637 | Zig:18   | Identified the staff "Murmur" {rElec rPois rF+ Dex-4 SInv
                  | Fire}
 60649 | Zig:18   | Identified the staff of Ystredwapn {rElec rC+ Will+ Air}
 60651 | Zig:19   | Entered Level 19 of a ziggurat
 60656 | Zig:19   | Noticed a dread lich
 60658 | Zig:19   | Noticed an ancient lich
 60658 | Zig:19   | Noticed a dread lich
 60659 | Zig:19   | Killed a dread lich
 60659 | Zig:19   | Killed a dread lich
 60659 | Zig:19   | Noticed an ancient lich
 60660 | Zig:19   | Killed an ancient lich
 60660 | Zig:19   | Killed an ancient lich
 60662 | Zig:19   | Noticed an ancient lich
 60664 | Zig:19   | Killed an ancient lich
 60668 | Zig:19   | Noticed a dread lich
 60671 | Zig:19   | Noticed a dread lich
 60675 | Zig:19   | Killed a dread lich
 60675 | Zig:19   | Killed a dread lich
 60678 | Zig:19   | Noticed an ancient lich
 60683 | Zig:19   | Killed an ancient lich
 60704 | Zig:19   | Learned a level 9 spell: Polar Vortex
 60709 | Zig:19   | Learned a level 4 spell: Passage of Golubria
 60716 | Zig:19   | Identified the +10 trident "Wurphid" {elec, Dex+3}
 60720 | Zig:19   | Identified the ring "Vogheteo" {MP+9 Str+3 Int+4 Dex-3}
 60726 | Zig:19   | Identified the +3 great sword "Nakhluy" {heavy, rC+ MP-9
                  | Int+3 SInv}
 60834 | Zig:20   | Entered Level 20 of a ziggurat
 60845 | Zig:20   | Reached skill level 5 in Ice Magic
 60847 | Zig:20   | Noticed an ancient lich
 60849 | Zig:20   | Killed an ancient lich
 60859 | Zig:20   | Reached skill level 10 in Ice Magic
 60874 | Zig:20   | Found the amulet of Vitality {RegenMP++ Regen++}
 60879 | Zig:20   | Identified the ring "Sideetip" {Int-5 Dex+4 SInv}
 60881 | Zig:20   | Identified the ring of Disaster {rElec Will+}
 60913 | Zig:21   | Entered Level 21 of a ziggurat
 60928 | Zig:21   | Noticed a juggernaut
 60933 | Zig:21   | Killed a juggernaut
 60933 | Zig:21   | Noticed a juggernaut
 60935 | Zig:21   | Noticed a juggernaut
 60938 | Zig:21   | Killed a juggernaut
 60939 | Zig:21   | Killed a juggernaut
 60945 | Zig:21   | Reached skill level 15 in Ice Magic
 60955 | Zig:21   | Found the +3 Elemental Staff {ele, rElec rF+ rC+ AC+3}
 60957 | Zig:21   | Found the +3 robe of Clouds {*Thunder rCloud rElec}
 60978 | Zig:21   | Identified the ring "Hatsy" {+Blink rN+ MP+9 Int+3 Dex+3}
 60998 | Zig:22   | Entered Level 22 of a ziggurat
 61046 | Zig:22   | Identified the +1 robe "Ton Wodech" {SInv}
 61066 | Zig:22   | Identified the +6 sling of the Volcano {drain, Str+4}
 61072 | Zig:23   | Entered Level 23 of a ziggurat
 61078 | Zig:23   | Noticed a dread lich
 61078 | Zig:23   | Noticed an ancient lich
 61080 | Zig:23   | Killed a dread lich
 61080 | Zig:23   | Killed an ancient lich
 61080 | Zig:23   | Noticed an ancient lich
 61080 | Zig:23   | Noticed a dread lich
 61081 | Zig:23   | Killed a dread lich
 61081 | Zig:23   | Killed an ancient lich
 61081 | Zig:23   | Noticed a dread lich
 61081 | Zig:23   | Noticed an ancient lich
 61082 | Zig:23   | Killed a dread lich
 61083 | Zig:23   | Noticed a dread lich
 61084 | Zig:23   | Killed an ancient lich
 61085 | Zig:23   | Killed a dread lich
 61085 | Zig:23   | Noticed a dread lich
 61086 | Zig:23   | Noticed a dread lich
 61087 | Zig:23   | Killed a dread lich
 61087 | Zig:23   | Noticed a dread lich
 61088 | Zig:23   | Killed a dread lich
 61088 | Zig:23   | Noticed an ancient lich
 61089 | Zig:23   | Killed a dread lich
 61089 | Zig:23   | Killed an ancient lich
 61090 | Zig:23   | Noticed an ancient lich
 61090 | Zig:23   | Noticed a dread lich
 61091 | Zig:23   | Killed a dread lich
 61091 | Zig:23   | Killed an ancient lich
 61106 | Zig:23   | Found the +2 cloak of the Thief {*Fog Slay-2 SInv Stlth+}
 61124 | Zig:23   | Identified the +6 whip of Spontaneous Combustion {holy,
                  | Int+2 Dex+5 Stlth+}
 61131 | Zig:23   | Identified the +5 halberd of Eple {flame, rCorr}
 61133 | Zig:24   | Entered Level 24 of a ziggurat
 61142 | Zig:24   | Noticed Tibbeudu's ghost (legendary DjCj)
 61142 | Zig:24   | Noticed Ciucila's ghost (veteran DEHW)
 61143 | Zig:24   | Reached skill level 5 in Armour
 61143 | Zig:24   | Noticed Boycipp's ghost (legendary DsFi)
 61143 | Zig:24   | Noticed Obydaxko's ghost (legendary DECj)
 61143 | Zig:24   | Noticed Jinaptea's ghost (legendary DDFi)
 61143 | Zig:24   | Noticed Waphaim's ghost (veteran DsDe)
 61143 | Zig:24   | Noticed Jinaptea's ghost (legendary DDFi)
 61143 | Zig:24   | Noticed Tibbeudu's ghost (legendary DjCj)
 61143 | Zig:24   | Noticed Anyleklu's ghost (legendary HOFi)
 61143 | Zig:24   | Noticed Ciucila's ghost (veteran DEHW)
 61143 | Zig:24   | Noticed Boycipp's ghost (legendary DsFi)
 61143 | Zig:24   | Noticed Yxuenos's ghost (legendary DsFi)
 61143 | Zig:24   | Noticed Atufasha's ghost (legendary DDBr)
 61143 | Zig:24   | Noticed Anyleklu's ghost (legendary HOFi)
 61143 | Zig:24   | Noticed Obrefem's ghost (legendary HaHu)
 61143 | Zig:24   | Noticed Zupseoh's ghost (legendary DDFi)
 61143 | Zig:24   | Noticed Siupsuvve's ghost (veteran MiBe)
 61144 | Zig:24   | Noticed Boycipp's ghost (legendary DsFi)
 61144 | Zig:24   | Noticed Pyfud Mepa's ghost (legendary AtFi)
 61145 | Zig:24   | Noticed Woumy's ghost (legendary GnFi)
 61145 | Zig:24   | Noticed Jinaptea's ghost (legendary DDFi)
 61146 | Zig:24   | Noticed Wiesk's ghost (legendary DDFi)
 61146 | Zig:24   | Killed Boycipp's ghost
 61146 | Zig:24   | Killed Ciucila's ghost
 61146 | Zig:24   | Noticed Siupsuvve's ghost (veteran MiBe)
 61148 | Zig:24   | Noticed Woumy's ghost (legendary GnFi)
 61148 | Zig:24   | Killed Tibbeudu's ghost
 61148 | Zig:24   | Killed Ciucila's ghost
 61148 | Zig:24   | Killed Obydaxko's ghost
 61148 | Zig:24   | Killed Yxuenos's ghost
 61148 | Zig:24   | Killed Waphaim's ghost
 61148 | Zig:24   | Killed Obrefem's ghost
 61149 | Zig:24   | Killed Boycipp's ghost
 61149 | Zig:24   | Killed Jinaptea's ghost
 61149 | Zig:24   | Killed Jinaptea's ghost
 61149 | Zig:24   | Killed Boycipp's ghost
 61149 | Zig:24   | Killed Pyfud Mepa's ghost
 61149 | Zig:24   | Noticed Hytegor's ghost (legendary GnEE)
 61149 | Zig:24   | Noticed Boycipp's ghost (legendary DsFi)
 61150 | Zig:24   | Reached skill level 10 in Armour
 61150 | Zig:24   | Reached skill level 15 in Shields
 61150 | Zig:24   | Killed Atufasha's ghost
 61150 | Zig:24   | Killed Siupsuvve's ghost
 61150 | Zig:24   | Killed Zupseoh's ghost
 61151 | Zig:24   | Killed Tibbeudu's ghost
 61151 | Zig:24   | Killed Anyleklu's ghost
 61151 | Zig:24   | Killed Anyleklu's ghost
 61151 | Zig:24   | Killed Woumy's ghost
 61151 | Zig:24   | Noticed Fiusean's ghost (veteran MiBe)
 61151 | Zig:24   | Noticed Obrefem's ghost (legendary HaHu)
 61152 | Zig:24   | Killed Jinaptea's ghost
 61152 | Zig:24   | Killed Wiesk's ghost
 61152 | Zig:24   | Killed Siupsuvve's ghost
 61153 | Zig:24   | Killed Hytegor's ghost
 61153 | Zig:24   | Killed Woumy's ghost
 61154 | Zig:24   | Noticed Obydaxko's ghost (legendary DECj)
 61154 | Zig:24   | Noticed Yxuenos's ghost (legendary DsFi)
 61155 | Zig:24   | Killed Obrefem's ghost
 61155 | Zig:24   | Killed Boycipp's ghost
 61155 | Zig:24   | Killed Fiusean's ghost
 61157 | Zig:24   | Killed Yxuenos's ghost
 61159 | Zig:24   | Killed Obydaxko's ghost
 61189 | Zig:24   | Identified the ring "Savaow Loschu" {rPois Int+3}
 61318 | Zig:25   | Entered Level 25 of a ziggurat
 61366 | Zig:25   | Identified the ring "Wyshreoh" {rPois rF- Dex+3 SInv}
 61373 | Zig:25   | Identified the orb "Odeumar" {guile, rCorr Int+2}
 61374 | Zig:25   | Identified the ring of Safaus {rF+ Int+3 SInv}
 61388 | Zig:25   | Identified the staff of Kismet {*Corrode rElec rN+ Str+5
                  | Stlth+ Necro}
 61390 | Zig:25   | Identified the +1 dire flail "Nolea" {venom, rN+ Int+3}
 61396 | Zig:26   | Entered Level 26 of a ziggurat
 61420 | Zig:26   | Noticed a dread lich
 61422 | Zig:26   | Killed a dread lich
 61442 | Zig:26   | Identified the +0 pair of gloves of the Cockatrice {rN+
                  | Str+3 Int+2}
 61449 | Zig:26   | Identified the scarf of Sif Muna's Anger {repulsion, Harm}
 61460 | Zig:26   | Identified the amulet of the Establishment {Spirit Fly
                  | Dex+3}
 61532 | Zig:27   | Entered Level 27 of a ziggurat
 61540 | Zig:27   | Noticed a dread lich
 61540 | Zig:27   | Noticed a dread lich
 61541 | Zig:27   | Noticed an ancient lich
 61542 | Zig:27   | Killed a dread lich
 61542 | Zig:27   | Noticed a dread lich
 61542 | Zig:27   | Noticed an ancient lich
 61543 | Zig:27   | Noticed an ancient lich
 61544 | Zig:27   | Killed a dread lich
 61544 | Zig:27   | Killed an ancient lich
 61544 | Zig:27   | Killed an ancient lich
 61544 | Zig:27   | Killed a dread lich
 61544 | Zig:27   | Noticed an ancient lich
 61545 | Zig:27   | Killed an ancient lich
 61545 | Zig:27   | Killed an ancient lich
 61545 | Zig:27   | Noticed a dread lich
 61546 | Zig:27   | Noticed a dread lich
 61547 | Zig:27   | Killed a dread lich
 61548 | Zig:27   | Killed a dread lich
 61549 | Zig:27   | Noticed a dread lich
 61549 | Zig:27   | Killed a dread lich
 61552 | Zig:27   | Noticed an ancient lich
 61552 | Zig:27   | Killed an ancient lich
 61552 | Zig:27   | Noticed a dread lich
 61553 | Zig:27   | Noticed an ancient lich
 61555 | Zig:27   | Killed a dread lich
 61555 | Zig:27   | Killed an ancient lich
 61555 | Zig:27   | Noticed an ancient lich
 61556 | Zig:27   | Killed an ancient lich
 61585 | Zig:27   | Identified the +10 sling of Wuifaach {flame, rPois rF+
                  | Int-3}
 61594 | Zig:27   | Identified the ring "Magae" {rF+ rCorr Int+3 Stlth-}
 61600 | Zig:27   | Identified the +7 hand axe of Bidayrchy {flame, *Corrode
                  | rC+++ Int+3}
 61602 | Zig:27   | Identified the ring of Isikum {Fly rF+ rN+ Str+3 Dex+3}
 61607 | Zig:27   | Identified the amulet "Dusih" {Faith +Blink rPois Will-
                  | Str+4}
 61613 | Zig:27   | Identified the ring of Cihaw {Fly rN++ Str+6}
 61615 | Zig:27   | Identified the staff "Himp" {rElec rC+ rCorr Dex-3 Air}
 61795 | Zot:1    | Entered Level 1 of the Realm of Zot
 61979 | Hell     | Entered the Vestibule of Hell
 61979 | Hell     | Noticed Geryon
 61988 | Hell     | Killed Geryon
 62075 | Hell     | Found a gateway to the Iron City of Dis.
 62097 | Dis:1    | Entered Level 1 of the Iron City of Dis
 62112 | Dis:1    | Noticed a dread lich
 62118 | Dis:1    | Killed a dread lich
 62429 | Dis:3    | You fall into a shaft and drop 3 floors!
 62435 | Dis:6    | Reached skill level 27 in Shields
 62440 | Dis:6    | Noticed a dread lich
 62443 | Dis:6    | Killed a dread lich
 62589 | Dis:7    | Entered Level 7 of the Iron City of Dis
 62702 | Dis:7    | Noticed a juggernaut
 62705 | Dis:7    | Killed a juggernaut
 62712 | Dis:7    | Noticed Dispater
 62717 | Dis:7    | Killed Dispater
 62737 | Dis:7    | Got an iron rune of Zot
 62745 | Dis:7    | Noticed a juggernaut
 62748 | Dis:7    | Killed a juggernaut
 62981 | Depths:1 | Bought a tower shield for 112 gold pieces
 63090 | Hell     | Found a gateway to the freezing wastes of Cocytus.
 63104 | Coc:1    | Entered Level 1 of Cocytus
 63341 | Coc:3    | Reached skill level 1 in Evocations
 63359 | Coc:4    | You fall into a shaft and drop 2 floors!
 63361 | Coc:6    | Reached skill level 5 in Evocations
 63366 | Coc:7    | Entered Level 7 of Cocytus
 63418 | Coc:7    | Reached skill level 10 in Evocations
 63430 | Coc:7    | Noticed Antaeus
 63438 | Coc:7    | Killed Antaeus
 63472 | Coc:7    | Got an icy rune of Zot
 63550 | Hell     | Found a gateway to the decaying netherworld of Tartarus.
 63581 | Hell     | Found a gateway to the ashen valley of Gehenna.
 63595 | Geh:1    | Entered Level 1 of Gehenna
 63676 | Geh:2    | Reached skill level 15 in Evocations
 63716 | Geh:3    | Noticed a dread lich
 63721 | Geh:3    | Killed a dread lich
 64328 | Geh:7    | Entered Level 7 of Gehenna
 64386 | Geh:7    | Noticed the Serpent of Hell
 64390 | Geh:7    | Killed the Serpent of Hell
 64684 | Geh:7    | Identified the staff of Crystal {rElec rPois rN+ Poison}
 65002 | Geh:7    | Found the +13 sceptre of Asmodeus
 65002 | Geh:7    | Noticed Asmodeus
 65008 | Geh:7    | Killed Asmodeus
 65047 | Geh:7    | Identified the amulet "Tiuh" {Spirit rF+++ rC- rCorr
                  | Slay+2}
 65050 | Geh:7    | Got an obsidian rune of Zot
 65118 | Hell     | Acquired 607 gold pieces
 65120 | Hell     | Acquired a manual of Hexes
 65129 | Hell     | Reached skill level 27 in Fire Magic
 65135 | Hell     | Reached skill level 27 in Air Magic
 65177 | Tar:1    | Entered Level 1 of Tartarus
 65479 | Tar:7    | Entered Level 7 of Tartarus
 65576 | Tar:7    | Reached skill level 27 in Evocations
 65709 | Tar:7    | Noticed Ereshkigal
 65713 | Tar:7    | Paralysed by Ereshkigal for 3 turns
 65749 | Tar:7    | Killed Ereshkigal
 65796 | Tar:7    | Found the amulet of the Air {Inacc Air Fly rElec RMsl}
 65860 | Tar:7    | Got a bone rune of Zot
 65868 | Tar:7    | Identified the staff of the Gazing Puffin {*Corrode rN+
                  | Str+2 Int+2 Earth}
 66043 | Pan      | Entered Pandemonium
 66114 | Pan      | Noticed Baas the pandemonium lord
 66118 | Pan      | Killed Baas the pandemonium lord
 66123 | Pan      | Found a huge runed translucent gate.
 66123 | Pan      | Found a huge runed translucent gate.
 66127 | Pan      | Found a huge runed translucent gate.
 66127 | Pan      | Found a huge runed translucent gate.
 66127 | Pan      | Found a huge runed translucent gate.
 66127 | Pan      | Found a huge runed translucent gate.
 66130 | Pan      | Found a runed translucent door.
 66214 | Pan      | Noticed Roli the pandemonium lord
 66219 | Pan      | Killed Roli the pandemonium lord
 66321 | Pan      | Found a runed translucent door.
 66325 | Pan      | Noticed Heet the pandemonium lord
 66332 | Pan      | Killed Heet the pandemonium lord
 66337 | Pan      | Found a runed translucent door.
 66367 | Pan      | Found a runed translucent door.
 66367 | Pan      | Found a runed translucent door.
 66370 | Pan      | Found a runed translucent door.
 66544 | Pan      | Found a huge runed translucent gate.
 66544 | Pan      | Noticed Mennas
 66545 | Pan      | Found a huge runed translucent gate.
 66545 | Pan      | Found a huge runed translucent gate.
 66545 | Pan      | Found a huge runed translucent gate.
 66546 | Pan      | Found a huge runed translucent gate.
 66546 | Pan      | Found a huge runed translucent gate.
 66552 | Pan      | Killed Mennas
 66553 | Pan      | Reached skill level 27 in Ice Magic
 66557 | Pan      | Found a runed translucent door.
 66560 | Pan      | Noticed Yguudant the pandemonium lord
 66571 | Abyss:5  | Cast into level 5 of the Abyss (Yguudant)
 66740 | Abyss:5  | Reached skill level 15 in Armour
 66768 | Abyss:6  | Found a transporter.
 66783 | Abyss:6  | Found a corrupted altar of Lugonu.
 66788 | Abyss:6  | Found a corrupted altar of Lugonu.
 66789 | Abyss:6  | Found a transporter.
 66807 | Abyss:6  | Found a corrupted altar of Lugonu.
 66829 | Abyss:6  | Got an abyssal rune of Zot
 66845 | Abyss:6  | Found a transporter.
 66850 | Pan      | Escaped the Abyss
 66854 | Pan      | Killed Yguudant the pandemonium lord
 66907 | Pan      | Noticed Saniodum the pandemonium lord
 66908 | Pan      | Found a runed translucent door.
 66911 | Pan      | Killed Saniodum the pandemonium lord
 67136 | Pan      | Noticed Alihinogg the pandemonium lord
 67138 | Pan      | Killed Alihinogg the pandemonium lord
 67182 | Pan      | Identified the +5 scale mail of the Armadillo {Dex+5}
 67198 | Pan      | Got a demonic rune of Zot
 67354 | Pan      | Identified the +6 trident of the Pits of Slime {vamp, rPois
                  | rF+}
 67358 | Pan      | Noticed Zovijeib the pandemonium lord
 67362 | Pan      | Killed Zovijeib the pandemonium lord
 67465 | Pan      | Noticed Lerec the pandemonium lord
 67469 | Pan      | Killed Lerec the pandemonium lord
 67644 | Pan      | Noticed Garuuk the pandemonium lord
 67648 | Pan      | Killed Garuuk the pandemonium lord
 67713 | Pan      | Noticed Ditsug the pandemonium lord
 67717 | Pan      | Killed Ditsug the pandemonium lord
 67724 | Pan      | Entered the realm of Cerebov.
 67814 | Pan      | Found the +6 sword of Cerebov {flame}
 67814 | Pan      | Noticed Cerebov
 67818 | Pan      | Killed Cerebov
 67827 | Pan      | Got a fiery rune of Zot
 68012 | Pan      | Found a glowing silver altar of Zin.
 68111 | Pan      | Identified the ring "Lopi" {rC+ rN+}
 68170 | Pan      | Found a glowing golden altar of the Shining One.
 68174 | Pan      | Identified the amulet "Impom" {Reflect rElec SH+5}
 68174 | Pan      | Noticed a seraph
 68178 | Pan      | Killed a seraph
 68221 | Pan      | Found an exit through the horrors of the Abyss.
 68237 | Pan      | Noticed Igaytog the pandemonium lord
 68241 | Pan      | Killed Igaytog the pandemonium lord
 68374 | Pan      | Entered the realm of Mnoleg.
 68374 | Pan      | Noticed Mnoleg
 68379 | Pan      | Killed Mnoleg
 68718 | Pan      | Got a glowing rune of Zot
 68824 | Pan      | Noticed Yciops the pandemonium lord
 68828 | Pan      | Killed Yciops the pandemonium lord
 68840 | Pan      | Found an exit through the horrors of the Abyss.
 68846 | Pan      | Noticed Valab the pandemonium lord
 68895 | Pan      | Killed Valab the pandemonium lord
 69005 | Pan      | Entered the realm of Lom Lobon.
 69031 | Pan      | Found an exit through the horrors of the Abyss.
 69068 | Pan      | Noticed Lom Lobon
 69159 | Pan      | Killed Lom Lobon
 69206 | Pan      | Got a magical rune of Zot
 69233 | Pan      | Found an exit through the horrors of the Abyss.
 69251 | Pan      | Noticed Sobatud the pandemonium lord
 69257 | Pan      | Killed Sobatud the pandemonium lord
 69296 | Pan      | Entered the realm of Gloorx Vloq.
 69313 | Pan      | Found an exit through the horrors of the Abyss.
 69394 | Pan      | Noticed Gloorx Vloq
 69396 | Pan      | Got a dark rune of Zot
 69401 | Pan      | Killed Gloorx Vloq
 69455 | Pan      | Took an exit into the Abyss.
 69455 | Abyss:6  | Escaped into the Abyss
 69461 | Depths:2 | Escaped the Abyss
 69537 | Depths:1 | Acquired 875 gold pieces
 69787 | Tomb:1   | Entered Level 1 of the Tomb of the Ancients
 69800 | Tomb:1   | Noticed a royal mummy
 69802 | Tomb:1   | Noticed a royal mummy
 69804 | Tomb:1   | Noticed a royal mummy
 69805 | Tomb:1   | Killed a royal mummy
 69806 | Tomb:1   | Noticed a royal mummy
 69810 | Tomb:1   | Killed a royal mummy
 69812 | Tomb:1   | Killed a royal mummy
 69812 | Tomb:1   | Killed a royal mummy
 69813 | Tomb:1   | Noticed a royal mummy
 69813 | Tomb:1   | Noticed a royal mummy
 69816 | Tomb:1   | Noticed a royal mummy
 69818 | Tomb:1   | Killed a royal mummy
 69818 | Tomb:1   | Noticed a royal mummy
 69820 | Tomb:1   | Killed a royal mummy
 69820 | Tomb:1   | Killed a royal mummy
 69824 | Tomb:1   | Killed a royal mummy
 69825 | Tomb:1   | Noticed a royal mummy
 69831 | Tomb:1   | Killed a royal mummy
 69831 | Tomb:1   | Noticed a royal mummy
 69833 | Tomb:1   | Killed a royal mummy
 69841 | Tomb:1   | Reached skill level 27 in Armour
 69850 | Tomb:2   | Noticed a royal mummy
 69850 | Tomb:2   | Noticed a royal mummy
 69853 | Tomb:2   | Killed a royal mummy
 69853 | Tomb:2   | Noticed a royal mummy
 69854 | Tomb:2   | Noticed a royal mummy
 69854 | Tomb:2   | Noticed a royal mummy
 69856 | Tomb:2   | Killed a royal mummy
 69857 | Tomb:2   | Killed a royal mummy
 69860 | Tomb:2   | Killed a royal mummy
 69860 | Tomb:2   | Killed a royal mummy
 69926 | Tomb:1   | Noticed a royal mummy
 69930 | Tomb:1   | Noticed a royal mummy
 69931 | Tomb:1   | Noticed a royal mummy
 69931 | Tomb:1   | Noticed a royal mummy
 69933 | Tomb:1   | Killed a royal mummy
 69933 | Tomb:1   | Killed a royal mummy
 69933 | Tomb:1   | Killed a royal mummy
 69933 | Tomb:1   | Killed a royal mummy
 69940 | Tomb:1   | Noticed a royal mummy
 69950 | Tomb:1   | Killed a royal mummy
 70089 | Tomb:3   | Entered Level 3 of the Tomb of the Ancients
 70101 | Tomb:3   | Noticed a royal mummy
 70102 | Tomb:3   | Noticed a royal mummy
 70102 | Tomb:3   | Noticed a royal mummy
 70104 | Tomb:3   | Noticed a royal mummy
 70105 | Tomb:3   | Killed a royal mummy
 70105 | Tomb:3   | Killed a royal mummy
 70105 | Tomb:3   | Killed a royal mummy
 70106 | Tomb:3   | Killed a royal mummy
 70107 | Tomb:3   | Noticed a royal mummy
 70109 | Tomb:3   | Killed a royal mummy
 70113 | Tomb:3   | Noticed a royal mummy
 70120 | Tomb:3   | Noticed a royal mummy
 70124 | Tomb:3   | Killed a royal mummy
 70125 | Tomb:3   | Killed a royal mummy
 70148 | Tomb:3   | Got a golden rune of Zot
 70177 | Tomb:3   | Noticed a royal mummy
 70181 | Tomb:3   | Killed a royal mummy
 70191 | Tomb:3   | Identified the amulet "Dabikho" {RegenMP rCorr Dex+3}
 70290 | Tomb:3   | Identified the +5 shortbow of Infinite Pain {freeze, rN+
                  | rCorr}
 70351 | Tomb:3   | Noticed a royal mummy
 70396 | Tomb:3   | Identified the +4 plate armour of the Heavens {*Corrode
                  | rElec rPois Dex-3}
 70397 | Tomb:3   | Identified the +6 spear "Mabiwk" {venom, Int+3 Dex+3}
 70415 | Tomb:3   | Identified the +11 quarterstaff "Inywek" {flame, rPois rN+
                  | Str-4}
 70856 | Zot:2    | Noticed an orb of fire
 70860 | Zot:2    | Killed an orb of fire
 70869 | Zot:2    | Reached skill level 27 in Shapeshifting
 70884 | Zot:2    | Noticed an orb of fire
 70888 | Zot:2    | Killed an orb of fire
 70984 | Zot:4    | Reached skill level 10 in Hexes
 70990 | Zot:5    | Entered Level 5 of the Realm of Zot
 71027 | Zot:5    | Noticed an ancient lich
 71031 | Zot:5    | Killed an ancient lich
 71031 | Zot:5    | Noticed an orb of fire
 71032 | Zot:5    | Reached skill level 15 in Hexes
 71038 | Zot:5    | Killed an orb of fire
 71120 | Zot:5    | Noticed an ancient lich
 71124 | Zot:5    | Killed an ancient lich
 71172 | Zot:5    | Noticed an orb of fire
 71173 | Zot:5    | Noticed an orb of fire
 71173 | Zot:5    | Noticed a dread lich
 71175 | Zot:5    | Killed an orb of fire
 71175 | Zot:5    | Killed a dread lich
 71177 | Zot:5    | Killed an orb of fire
 71182 | Zot:5    | Noticed an orb of fire
 71187 | Zot:5    | Killed an orb of fire
 71213 | Zot:5    | Got the Orb of Zot
 71242 | Zot:5    | Noticed an ancient lich
 71247 | Zot:5    | Killed an ancient lich
 71561 | D:7      | Noticed a seraph
 71566 | D:7      | Killed a seraph
 71740 | D:1      | Noticed Juasegh the pandemonium lord
 71749 | D:1      | Killed Juasegh the pandemonium lord
 71794 | D:$      | Escaped with the Orb!

Illustrated notes

Levels and vault maps discovered:
D:1:      minmay_arrival_floating_metal, layout_basic
D:2:      kennysheep_the_goblin_king, layout_loops_ring, basic_altar
D:3:      layout_loops_ring, grunt_temple_overflow_order_and_chaos_2,
          grunt_temple_overflow_diamond, hangedman_feature_mirror
D:4:      layout_basic, minmay_manual_monstrance
D:5:      layout_loops_ring, minmay_temple_entry_gardened_gates,
          chequers_garden, water_boxes_lemuel, uniq_menkaure, uniq_edmund,
          uniq_ijyb
D:6:      layout_basic, serial_shops, nicolae_shop_gaudy_bauble,
          minmay_circle_x, uniq_blork_the_orc
D:7:      old_forge, layout_basic, uniq_joseph, uniq_jeremiah
D:8:      layout_basic, nicolae_gozag_seed_capital, kennysheep_generic_room_8,
          uniq_grum
D:9:      nzn_winding_woodlands_three_and_one
          [nzn_winding_woodlands_5x15_pockets,
          nzn_winding_woodlands_5x15_sidewinder,
          nzn_winding_woodlands_5x15_zeroes,
          nzn_winding_woodlands_center_garden], layout_gridville,
          dpeg_lair_monsters, zombieorc2_lemuel, enter_bailey_5
D:10:     layout_rooms, minivault_13
D:11:     layout_basic, kennysheep_generic_room_9
D:12:     layout_rooms, uniq_fannar, uniq_psyche
D:13:     layout_rooms, gauntlet_entry_generic, serial_shops, shop,
          serial_bayou_pond_b
D:14:     layout_loops_ring, hellmonk_vaults_order_and_chaos, fedhas_altar_2
D:15:     gammafunk_enter_depths_forms, layout_rooms, serial_aquarium,
          aquarium_bridge_square [aquarium_subvault_balcony,
          aquarium_subvault_balcony, aquarium_subvault_bridge,
          aquarium_subvault_wall], aquarium_window_3, aquarium_window_fake,
          aquarium_window_2, aquarium_view_2f, aquarium_view_2e,
          aquarium_balcony_3b, aquarium_pool_2, grunt_dithmenos_smoke
Lair:1:   layout_small_grid, cheibrodos_lair_caveside_slide,
          nicolae_lair_lindhole, serial_bayou_shore_b,
          infiniplex_staircase_pool_2, lemuel_fruit_tree
Lair:2:   layout_loops_ring, spider_nest_entry_rubble, hibernation_bobbens,
          grunt_megastairs_1
Lair:3:   layout_regular_city, minmay_shoals_entry_beasts, basic_altar,
          grunt_megastairs_3
Lair:4:   layout_roguey, grunt_megastairs_5
Lair:5:   minmay_lair_end_frog_pond, layout_misc_corridors,
          minmay_slime_entry_pillars, infiniplex_staircase_pool
Shoals:1: layout_shoals, lightli_airlock
Shoals:2: layout_shoals, nicolae_shoals_goliath_grotto
Shoals:3: layout_shoals, uniq_mara
Shoals:4: shoals_end_hangedman, layout_shoals, serial_shops, shop
Spider:1: layout_spider_delve, uniq_mlioglotl
Spider:2: layout_spider_delve, ebering_ghost_xom
Spider:3: layout_spider_delve, hangedman_spider_tarantella_strand
Spider:4: grunt_spider_rune_parallel
Slime:1:  layout_caves, nicolae_slime_barrier
Slime:2:  layout_caves
Slime:3:  layout_caves
Slime:4:  layout_caves, nicolae_slime_getting_an_eyeful
Slime:5:  slime_pit
Orc:1:    layout_caves, portal_ice_cave_entry_pillars_2
Orc:2:    st_orc_open, layout_caves
Elf:1:    minmay_elf_arrival_summoners, layout_loops_ring,
          hangedman_elven_crosses_minicolossus, minmay_misc_feat_rows
Elf:2:    nicolae_elf_blades_splatter_lattice
          [nicolae_blade_entry_sentries_behind_glass], layout_gridlike,
          basic_altar, hellmonk_sif_muna_bookshelves
Elf:3:    minmay_elf_hall_x, layout_gridlike, hangedman_elven_pyramids,
          minmay_shop_star
Vaults:1: nicolae_vaults_more_shelving_1, v_misc_12, hangedman_vaults_stitches,
          v_misc_33, nicolae_vaults_trapezoid_lopsided_1,
          ontoclasm_vaults_ring_large, nicolae_vaults_stepped_doors,
          nicolae_vaults_hallways_thing, nicolae_vaults_security_offices_2,
          hangedman_vaults_corner, ontoclasm_vaults_twist, vaults_dpeg_ring,
          vaults_room_stairs_pillars, nicolae_vaults_trapezoid_layered,
          layout_vaults_ring, serial_shops, shop, shop, shop
Vaults:2: portal_desolation_entry_ruin, vaults_room_door_ring,
          ontoclasm_vaults_tryst, nicolae_vaults_steering_wheel,
          nicolae_vaults_what_the_h, minmay_crypt_entry_nasty_monster,
          nicolae_vaults_quartermaster, nicolae_vaults_circle_grid_a,
          ontoclasm_vaults_eye, layout_vaults_omnigrid
Vaults:3: v_alt_pattern_5, grunt_vaults_hallway_long, ontoclasm_vaults_shuriken,
          v_rooms_6, ontoclasm_vaults_bender, hangedman_vaults_locks,
          nicolae_vaults_closet_pinwheel_6, v_misc_14, hangedman_vaults_slice,
          nicolae_vaults_trapezoid_3, v_misc_24, nicolae_vaults_tetromino_Z_1,
          layout_vaults_omnicross, uniq_bai_suzhen
Vaults:4: nicolae_vaults_angled_halls, nicolae_vaults_offset_grid_hallway_2,
          nicolae_vaults_house_2, nicolae_vaults_tangram_1,
          vaults_mumra_minichess, nicolae_vaults_rhombus_5, v_misc_5,
          nicolae_vaults_tetromino_Z_1, nicolae_vaults_bisected_slash,
          grunt_vaults_hallway_short, nicolae_vaults_little_squares_6,
          layout_vaults_chaotic_city
Vaults:5
Crypt:1:  layout_catacombs, st_stairs_7, grunt_crypt_arrival_webbed
Crypt:2:  layout_rooms
Crypt:3:  due_elkab, layout_chaotic_city, nicolae_tomb_entry_rubble_hallway,
          basic_altar, grunt_ministairs_6
Tomb:1
Tomb:2
Tomb:3
Depths:1: layout_forbidden_donut, enter_ziggurat_c, hell_entry, serial_shops,
          nicolae_shop_rolling_square, hangedman_abyss_entry_splay,
          library_closet, nicolae_the_louvre, hangedman_decor_cross_pass
Depths:2: minmay_broken_ring, layout_cave_pools, grunt_pan_entry_sceptre,
          hell_entry, solitary_fountain, small_statue_intersection,
          minmay_shop_grove, infiniplex_staircase_pool_lava, firewood_loft,
          uniq_josephina, uniq_sojobo, uniq_saint_roka
Depths:3: minmay_haunted_quarter, layout_cave_pools, hell_entry, minmay_holes,
          serial_sigils, serial_sigils_hangedman_gnaw,
          serial_sigils_hangedman_carve, serial_sigils_hangedman_scar,
          serial_sigils_hangedman_stare, abyss_entry_glasseish,
          infiniplex_staircase_zigzag_4
Depths:4: evilmike_zot_entry_diamond, layout_gridlike, pf_hell_entry_great_geh,
          abyss_entry, hangedman_decor_peaks_small,
          chequers_serial_rivers_micro_e
Hell
Dis:1:    layout_regular_city, nicolae_dis_spooky_hallway
Dis:2:    layout_gridville
Dis:3:    layout_jigsaw
Dis:6:    layout_regular_city, hangedman_dis_chains, nicolae_dis_emergency_hatch
Dis:7:    dis_grunt_layers
Geh:1:    nicolae_geh_tyrants_menagerie, layout_gehenna_pools_triple,
          nicolae_geh_gnashing_of_teeth
Geh:2:    layout_gehenna_lava_caves
Geh:3:    layout_gehenna_pools_triple
Geh:4:    layout_gehenna_pools_basic, gehenna_fire_generator,
          nicolae_geh_rippling_lava
Geh:5:    layout_gehenna_lava_caves, gehenna_fire_generator
Geh:6:    layout_gehenna_pools_triple
Geh:7:    geh_hangedman
Coc:1:    layout_cocytus_delve, nicolae_hells_seeping_fissure
Coc:2:    layout_cocytus_water_paths
Coc:3:    layout_ice_bergs
Coc:4:    layout_cocytus_water_paths
Coc:6:    layout_ice_bergs
Coc:7:    coc_dpeg
Tar:1:    layout_grid_maze, nicolae_tar_cuneiform_heaven
Tar:2:    layout_cathedral_of_symmetry
Tar:3:    layout_grid_maze
Tar:4:    layout_grid_maze, nicolae_tar_just_some_guys
Tar:5:    layout_honeycomb, nicolae_tar_combbox
Tar:6:    layout_honeycomb, lemuel_nasty_fountain
Tar:7:    tar_minmay_river
Zot:1:    regret_index_zot_pan_timeshare, layout_concentric_octagons
Zot:2:    layout_basic, regret_index_zotdec_barnacled_simple
Zot:3:    layout_gridlike, regret_index_zotdec_zees
Zot:4:    layout_basic
Zot:5:    layout_basic, regret_index_zotdec_ex, grunt_megastairs_2

Skill      XL: |  1  2  3  4  5  6  7  8  9 10 11 12 13 14 15 16 17 18 19 20 21 22 23 24 25 26 27 |
---------------+----------------------------------------------------------------------------------+-----
Conjurations   | 5 6 7 9 11 13 15 17 18 21 22 27 | 27.0
Spellcasting   | 4 5 6 8 10 11 13 15 16 18 20 23 25 26 27 | 27.0
Translocations | 1 3 4 5 9 |  9.0
Hexes          | 1 4 5 22 | 22.6
Fighting       | 4 5 7 9 27 | 27.0
Fire Magic     | 6 11 12 13 15 17 19 21 22 27 | 27.0
Summonings     | 3 7 |  7.0
Earth Magic    | 5 13 18 22 27 | 27.0
Shields        | 6 9 27 | 27.0
Air Magic      | 5 12 16 18 19 27 | 27.0
Necromancy     | 3 12 14 27 | 27.0
Stealth        | 27 | 27.0
Dodging        | 27 | 27.0
Shapeshifting  | 27 | 27.0
Ice Magic      | 27 | 27.0
Armour         | 27 | 27.0
Evocations     | 27 | 27.0

Action                     |  1- 3 |  4- 6 |  7- 9 | 10-12 | 13-15 | 16-18 | 19-21 | 22-24 | 25-27 || total
---------------------------+-------+-------+-------+-------+-------+-------+-------+-------+-------++-------
  Melee: Double sword      |       |       |     3 |    24 |       |       |       |       |       ||    27
         Unarmed           |       |       |       |     2 |       |       |       |       |       ||     2
         Staff             |       |       |       |       |     1 |       |     2 |     5 |    63 ||    71
   Cast: Magic Dart        |    60 |    66 |    18 |     2 |       |       |       |       |       ||   146
         Searing Ray       |     2 |    23 |    27 |     7 |     1 |       |       |       |       ||    60
         Fulminant Prism   |       |     4 |    46 |    70 |    14 |       |       |       |       ||   134
         Iskenderun's Myst |       |       |    30 |    71 |    81 |    85 |    15 |     5 |     8 ||   295
         Apportation       |       |       |     1 |       |       |       |       |    16 |     4 ||    21
         Blink             |       |       |       |     1 |     1 |     2 |     3 |     1 |     8 ||    16
         Starburst         |       |       |       |    73 |    25 |     1 |       |       |       ||    99
         Brom's Barrelling |       |       |       |     1 |       |       |       |       |       ||     1
         Orb of Destructio |       |       |       |    25 |   143 |   201 |    18 |       |       ||   387
         Fireball          |       |       |       |     9 |   132 |    15 |       |       |       ||   156
         Spellforged Servi |       |       |       |       |     4 |    33 |    17 |     3 |     8 ||    65
         Ignition          |       |       |       |       |     8 |   128 |    69 |     4 |   106 ||   315
         Lehudib's Crystal |       |       |       |       |       |     5 |    37 |    41 |   134 ||   217
         Fire Storm        |       |       |       |       |       |       |   176 |    98 |   317 ||   591
         Shatter           |       |       |       |       |       |       |     5 |   262 |  1165 ||  1432
         Chain Lightning   |       |       |       |       |       |       |       |       |   330 ||   330
         Polar Vortex      |       |       |       |       |       |       |       |       |   114 ||   114
         Death's Door      |       |       |       |       |       |       |       |       |     7 ||     7
         Passage of Golubr |       |       |       |       |       |       |       |       |     3 ||     3
Ability: Begin Untransform |       |       |       |       |       |       |       |       |     3 ||     3
         Evoke Blink       |       |       |       |       |       |       |       |       |     2 ||     2
  Evoke: Wand              |       |       |     1 |     4 |       |     6 |       |       |    14 ||    25
         Box of beasts     |       |       |       |       |       |       |       |       |     1 ||     1
         Phial of floods   |       |       |       |       |       |       |       |       |     1 ||     1
         Lightning rod     |       |       |       |       |       |       |       |       |     2 ||     2
         Figurine of a zig |       |       |       |       |       |       |       |       |     2 ||     2
    Use: Scroll            |       |     2 |     7 |    10 |    10 |    13 |     5 |     5 |    47 ||    99
         Potion            |       |       |       |     3 |     1 |     1 |     3 |     1 |    42 ||    51
   Stab: Sleeping          |       |       |       |     1 |       |       |       |       |       ||     1
 Armour: Robe              |     8 |    22 |    33 |    56 |       |       |       |       |       ||   119
         Troll leather arm |       |       |       |    29 |    84 |    86 |    54 |    71 |   721 ||  1045
         Skin              |       |       |       |       |     1 |       |       |       |       ||     1
  Dodge: Dodged            |     6 |    17 |    29 |    49 |    31 |    42 |    21 |    15 |   304 ||   514
  Block: Buckler           |       |       |       |       |       |       |     2 |    20 |    52 ||    74
         Tower shield      |       |       |       |       |       |       |       |       |   632 ||   632
   Form: Death             |       |       |       |       |       |       |       |       |     5 ||     5

Table legend: (Time is in decaauts)
 A = Elapsed time spent in this place.
 B = Non-inter-level travel time spent in this place.
 C = Inter-level travel time spent in this place.
 D = Time resting spent in this place.
 E = Time spent auto-exploring this place.
 F = Levels seen in this place.
 G = Mean time per level.
                   A        B        C        D        E       F      G
               +--------+--------+--------+--------+--------+-----+--------+
         Total |  72420 |  66698 |   5722 |   6946 |  40390 | 196 |  369.5 |
       Dungeon |  17424 |  15584 |   1840 |   1867 |  11073 |  15 | 1161.6 |
          Lair |   6119 |   5191 |    928 |    272 |   4100 |   5 | 1223.8 |
        Shoals |   3412 |   3218 |    194 |    201 |   2464 |   4 |  853.0 |
   Spider Nest |   3820 |   3638 |    182 |    456 |   2386 |   4 |  955.0 |
    Slime Pits |   2474 |   2288 |    186 |    222 |   1658 |   5 |  494.8 |
  Orcish Mines |   1435 |   1213 |    222 |      0 |   1011 |   2 |  717.5 |
   Elven Halls |   3264 |   3204 |     60 |     91 |   2511 |   3 | 1088.0 |
        Vaults |   7210 |   6621 |    589 |    111 |   5370 |   5 | 1442.0 |
         Crypt |   3332 |   2998 |    334 |    121 |   2321 |   3 | 1110.7 |
          Tomb |    811 |    756 |     55 |     47 |    250 |   3 |  270.3 |
        Depths |   5271 |   4405 |    866 |    296 |   3138 |   4 | 1317.8 |
          Hell |    338 |    267 |     71 |     51 |      0 |   1 |  338.0 |
           Dis |    772 |    735 |     37 |     20 |    356 |   5 |  154.4 |
       Gehenna |   1520 |   1405 |    115 |     73 |    763 |   7 |  217.1 |
       Cocytus |    451 |    434 |     17 |      0 |    127 |   6 |   75.2 |
      Tartarus |    829 |    829 |      0 |    121 |     99 |   7 |  118.4 |
           Zot |    664 |    645 |     19 |    125 |     51 |   5 |  132.8 |
         Abyss |    290 |    290 |      0 |      0 |     72 |   3 |   96.7 |
   Pandemonium |   3137 |   3137 |      0 |     88 |    754 |  24 |  130.7 |
      Ziggurat |   7003 |   7003 |      0 |   2312 |    480 |  81 |   86.5 |
        Bailey |    983 |    983 |      0 |    216 |    516 |   1 |  983.0 |
      Ice Cave |    463 |    463 |      0 |    116 |    144 |   1 |  463.0 |
    Desolation |   1012 |   1012 |      0 |     62 |    585 |   1 | 1012.0 |
      Gauntlet |    376 |    376 |      0 |     78 |    158 |   1 |  376.0 |
               +--------+--------+--------+--------+--------+-----+--------+

Top non-repeatable levels by time:
     D:9: 1885 daAuts
     D:4: 1754 daAuts
Vaults:1: 1676 daAuts
Vaults:2: 1610 daAuts
     D:1: 1562 daAuts
     D:3: 1461 daAuts
  Lair:1: 1461 daAuts
Depths:1: 1459 daAuts
Depths:2: 1442 daAuts
Vaults:4: 1389 daAuts
  Lair:2: 1368 daAuts
     D:5: 1358 daAuts
 Crypt:3: 1352 daAuts
 Crypt:1: 1344 daAuts
Vaults:3: 1342 daAuts
